 Dungeon Crawl Stone Soup version 0.29.0-4-gdea44cf6ec (webtiles) character file.

Game seed: 3584036379454954078

10003 qw the Cleaver (level 11, 89/89 HPs)
             Began as a Formicid Cinder Acolyte on Sept 3, 2022.
             Was an Initiate of Ignis.
             Quit the game on level 11 of the Dungeon.
             The game lasted 00:14:24 (10522 turns).

qw the Cleaver (Formicid Cinder Acolyte)           Turns: 10522, Time: 00:14:25

Health: 89/89      AC: 17    Str: 32    XL:     11   Next: 84%
Magic:  12/12      EV:  8    Int: 17    God:    Ignis [......]
Gold:   550        SH:  0    Dex:  9    Spells: 12/12 levels left

rFire   + . .      SeeInvis +   Y - +0 war axe
rCold   . . .      Faith    .   (no shield)
rNeg    + + .      Spirit   .   g - +0 plate armour of the Invisible Gods {rF+ rN+ Str+8 Stlth-}
rPois   .          Reflect  .   (helmet unavailable)
rElec   .          Harm     .   (no cloak)
rCorr   .          Rampage  .   q - +0 pair of gloves
Will    +....                   e - +1 pair of boots of Supple Strength {rF- rN+ Int+4}
Stlth   ..........              i - amulet of regeneration
HPRegen 1.04/turn               r - +4 ring of slaying {mikee}
MPRegen 0.13/turn               (no ring)

@: no status effects
A: permanent stasis, dig shafts and tunnels, antennae 3, four strong arms
a: Dig, Shaft Self, Renounce Religion, Rising Flame


You were on level 11 of the Dungeon.
You worshipped Ignis.
Ignis was noncommittal.
You visited 1 branch of the dungeon, and saw 12 of its levels.

You collected 550 gold pieces.


Innate Abilities, Weirdness & Mutations

You cannot be hasted, slowed, berserked, paralysed or teleported.
You can dig through walls and to a lower floor.
You have a pair of large antennae on your head. (SInv)
Your four strong arms can wield two-handed weapons with a shield.


   Skills:
 - Level 9.1 Fighting
 + Level 13.3 Axes
 - Level 5.2 Throwing
 - Level 8.0 Armour
 - Level 2.0 Dodging
 - Level 1.1 Spellcasting
 - Level 3.0 Fire Magic


You had 12 spell levels left.
You didn't know any spells.
Your spell library contained the following spells:

 Spells                   Type           Power      Damage    Failure   Level
 Scorch                   Fire           22%        2d6       54%         2

Inventory:

Hand Weapons
 d - a +0 hand axe of flaming
 Y - a +0 war axe (weapon)
Missiles
 l - 4 javelins
 o - 9 boomerangs (quivered)
 p - 2 silver javelins
Armour
 e - the +1 pair of boots of Supple Strength (worn) {rF- rN+ Int+4}
   (You found it on level 3 of the Dungeon)

   Int:       It affects your intelligence (+4).
   rF:        It makes you vulnerable to fire.
   rN:        It protects you from negative energy.
 g - the +0 plate armour of the Invisible Gods (worn) {rF+ rN+ Str+8 Stlth-}
   (You found it on level 2 of the Dungeon)

   Str:       It affects your strength (+8).
   rF:        It protects you from fire.
   rN:        It protects you from negative energy.
   Stlth:     It makes you less stealthy.
 q - a +0 pair of gloves (worn)
Jewellery
 i - an amulet of regeneration (around neck)
 m - a ring of ice
 r - a +4 ring of slaying (left hand) {mikee}
Scrolls
 c - a scroll of teleportation
 f - 2 scrolls of identify
Potions
 a - 2 potions of cancellation
 b - 3 potions of curing
 h - a potion of haste
 j - 2 potions of resistance
 k - a potion of might
 n - a potion of mutation

Dungeon Overview and Level Annotations

Branches:
Dungeon (12/15)            Temple (0/1) D:6
   Lair: D:8-11         Orc: D:9-12

Altars:
Ashenzari
Dithmenos
Elyvilon
Gozag
Hepliaklqana
Kikubaaqudgha
Makhleb
Nemelex Xobeh
Okawaru
Ru
Wu Jian
Xom
The Shining One

Shops:
D:5 :   D:9 *

Annotations:
D:3 3 runed translucent doors, BraveToast's ghost, weakling DDFi
D:7 3 runed translucent doors, qw's ghost, novice TrCA


Message History

Sorry, I don't know how to get there.
10503 ||| Stepping randomly (stuck).
Sorry, I don't know how to get there.
10504 ||| Stepping randomly (stuck).
Sorry, I don't know how to get there.
10505 ||| Stepping randomly (stuck).
Sorry, I don't know how to get there.
10506 ||| Stepping randomly (stuck).
Sorry, I don't know how to get there.
10507 ||| Stepping randomly (stuck).
Sorry, I don't know how to get there.
10508 ||| Stepping randomly (stuck).
Sorry, I don't know how to get there.
10509 ||| Stepping randomly (stuck).
Sorry, I don't know how to get there.
10510 ||| Stepping randomly (stuck).
Sorry, I don't know how to get there.
10511 ||| Stepping randomly (stuck).
Sorry, I don't know how to get there.
10512 ||| Stepping randomly (stuck).
Sorry, I don't know how to get there.
10513 ||| Stepping randomly (stuck).
Sorry, I don't know how to get there.
10514 ||| Stepping randomly (stuck).
Sorry, I don't know how to get there.
10515 ||| Stepping randomly (stuck).
Sorry, I don't know how to get there.
10516 ||| Stepping randomly (stuck).
Sorry, I don't know how to get there.
10517 ||| Stepping randomly (stuck).
Sorry, I don't know how to get there.
10518 ||| Stepping randomly (stuck).
Sorry, I don't know how to get there.
10519 ||| Stepping randomly (stuck).
Sorry, I don't know how to get there.
10520 ||| Stepping randomly (stuck).
Sorry, I don't know how to get there.
10521 ||| Stepping randomly (stuck).
Sorry, I don't know how to get there.
Are you sure you want to abandon this character and quit the game? (Confirm with "yes".)

{ ......'...
##########...
#.....####...
+.....(......
###########....[###....
#...............# #....
#.......##......# #.#./
#.......##......# #.##.
#.....@.##......# #.##.
#.......###.....# #.###
#######.[.....# #.....#
#.# #####.............#
#####.#
..................# .#
####........##'####
.<.#........##.#
...#........##.#
............##.#


There were no monsters in sight!

Vanquished Creatures
  A tengu warrior (D:11)
  A wizard (D:9)
  Pikel (D:4)
  A cyclops (D:11)
  A tengu conjurer (D:11)
  A hornet (D:9)
  A shadow (D:7)
  A wraith (D:10)
  2 wyverns
  23 yaks
  Eustachio (D:6)
  A basilisk (D:11)
  4 vampire mosquitoes (D:11)
  2 acid dragons (D:11)
  A water moccasin (D:8)
  A sky beast (D:7)
  An orc warrior (D:9)
  An ogre (D:6)
  3 kobold brigands
  3 phantoms
  3 bullfrogs
  A gnoll sergeant (D:6)
  5 scorpions
  4 necrophages
  5 wights (D:6)
  3 howler monkeys (D:9)
  A crimson imp (D:9)
  4 hounds
  5 orc priests
  A jelly (D:7)
  Jessica (D:2)
  2 iguanas (D:6)
  Terence (D:3)
  5 orc wizards
  Robin (D:3)
  8 gnolls
  7 adders
  3 shadow imps
  3 ufetubi
  3 dart slugs (D:1)
  21 orcs
  8 endoplasms
  2 giant cockroaches (D:1)
  10 hobgoblins
  2 quokkas
  5 ball pythons
  10 bats
  3 frilled lizards
  10 goblins
  24 kobolds
  3 rats (D:1)
215 creatures vanquished.

Vanquished Creatures (others)
  A plant (D:5)
1 creature vanquished.

Grand Total: 216 creatures vanquished

Notes
Turn   | Place    | Note
-------+----------+-------------------------------------------
     0 | D:1      | qw the Formicid Cinder Acolyte began the quest for the Orb.
     0 | D:1      | Reached XP level 1. HP: 18/18 MP: 2/2
     0 | D:1      | 0 ||| qw: Version: 0.1-a-100-g36b9a1f
     0 | D:1      | 0 ||| qw: Game counter: 5057
     0 | D:1      | 0 ||| qw: Always use a shield: true
     0 | D:1      | 0 ||| qw: God list: Okawaru
     0 | D:1      | 0 ||| qw: Allow faded altars: false
     0 | D:1      | 0 ||| qw: Do Orc after D:15 true
     0 | D:1      | 0 ||| qw: Do second Lair branch before Depths: true
     0 | D:1      | 0 ||| qw: Lair rune preference: random
     0 | D:1      | 0 ||| qw: Plans: Normal
     0 | D:1      | 0 ||| PLANNING D:1-11
    31 | D:1      | 31 ||| Stepping ~*~*~tactically~*~*~ (hiding).
   133 | D:1      | 133 ||| Stepping ~*~*~tactically~*~*~ (hiding).
   367 | D:1      | Reached XP level 2. HP: 24/24 MP: 3/3
   724 | D:1      | 724 ||| Stepping randomly (stuck).
   725 | D:1      | 725 ||| Stepping randomly (stuck).
  1018 | D:1      | 1018 ||| Stepping ~*~*~tactically~*~*~ (stealth).
  1242 | D:1      | Reached skill level 4 in Axes
  1242 | D:1      | Reached XP level 3. HP: 19/29 MP: 4/4
  1746 | D:1      | Reached skill level 1 in Dodging
  2042 | D:1      | 2042 ||| UPGRADING to +0 plate armour.
  2052 | D:1      | 2052 ||| DROPPING +0 robe.
  2053 | D:1      | 2053 ||| READING scroll labelled SAAPNEALEFF.
  2101 | D:2      | 2101 ||| INVOKING Fiery Armour.
  2102 | D:2      | 2102 ||| STAIRDANCE
  2107 | D:1      | Reached skill level 1 in Armour
  2141 | D:2      | 2141 ||| STAIRDANCE
  2144 | D:1      | Reached XP level 4. HP: 27/35 MP: 5/5
  2217 | D:2      | 2217 ||| STAIRDANCE
  2323 | D:2      | 2323 ||| Stepping ~*~*~tactically~*~*~ (stealth).
  2404 | D:2      | Reached XP level 5. HP: 41/41 MP: 6/6
  2405 | D:2      | Found a faded altar of an unknown god.
  2438 | D:2      | Noticed Jessica
  2439 | D:2      | 2439 ||| Stepping ~*~*~tactically~*~*~ (hiding).
  2440 | D:2      | 2440 ||| Stepping ~*~*~tactically~*~*~ (hiding).
  2442 | D:2      | 2442 ||| Stepping ~*~*~tactically~*~*~ (hiding).
  2456 | D:2      | 2456 ||| INVOKING Fiery Armour.
  2457 | D:2      | Killed Jessica
  2458 | D:2      | 2458 ||| FLEEEEING.
  2460 | D:2      | HP: 10/41 [poisoned by Jessica]
  2463 | D:2      | Reached skill level 5 in Axes
  2759 | D:2      | Identified the +0 plate armour of the Invisible Gods {rF+
                  | rN+ Str+8 Stlth-}
  2933 | D:2      | 2933 ||| UPGRADING to +0 plate armour of the Invisible Gods
                  | {rF+ rN+ Str+8 Stlth-}.
  2943 | D:2      | 2943 ||| DROPPING +0 plate armour.
  2944 | D:2      | 2944 ||| DROPPING +6 ring of intelligence.
  2945 | D:2      | 2945 ||| READING 2 scrolls labelled CARAMEKKAD.
  2946 | D:2      | 2946 ||| READING 3 scrolls labelled NEYZUG FYNWIL.
  2947 | D:2      | 2947 ||| DRINKING 3 bubbling silvery potions.
  2948 | D:2      | 2948 ||| DRINKING 3 viscous yellow potions.
  2949 | D:2      | 2949 ||| READING 2 scrolls of identify.
  2949 | D:2      | 2949 ||| IDENTIFYING cyan potion
  2950 | D:2      | 2950 ||| DROPPING potion of brilliance.
  2951 | D:2      | 2951 ||| DROPPING 2 potions of magic.
  2952 | D:2      | 2952 ||| DROPPING 2 potions of attraction.
  2984 | D:3      | Noticed Terence
  2985 | D:3      | 2985 ||| INVOKING Fiery Armour.
  2986 | D:3      | Noticed Robin
  2987 | D:3      | 2987 ||| Stepping ~*~*~tactically~*~*~ (hiding).
  2988 | D:3      | 2988 ||| Stepping ~*~*~tactically~*~*~ (hiding).
  2991 | D:3      | 2991 ||| Stepping ~*~*~tactically~*~*~ (hiding).
  3004 | D:3      | Killed Robin
  3007 | D:3      | Killed Terence
  3104 | D:3      | Found a runed translucent gate.
  3104 | D:3      | Noticed BraveToast's ghost (weakling DDFi)
  3105 | D:3      | Found a runed translucent gate.
  3106 | D:3      | Found a runed translucent gate.
  3108 | D:3      | Identified the +0 ring mail of Kleptomania {rElec Int-4
                  | Dex+4 Slay+3}
  3190 | D:3      | Found a white marble altar of Elyvilon.
  3229 | D:3      | Identified the +1 pair of boots of Supple Strength {rF- rN+
                  | Int+4}
  3596 | D:3      | Identified the +5 scale mail "Wybiagam" {Int+6}
  3611 | D:3      | 3611 ||| UPGRADING to +1 pair of boots of Supple Strength
                  | {rF- rN+ Int+4}.
  3616 | D:3      | 3616 ||| UPGRADING to amulet of regeneration.
  3621 | D:3      | 3621 ||| READING scroll labelled KUCEFFOROM.
  3622 | D:3      | 3622 ||| READING scroll labelled HEIRAENLOAS.
  3623 | D:3      | 3623 ||| READING scroll labelled CIORIE WOIDI.
  3624 | D:3      | 3624 ||| DRINKING 2 smoky blue potions.
  3625 | D:3      | 3625 ||| DRINKING 2 fizzy amethyst potions.
  3670 | D:3      | 3670 ||| DROPPING potion of lignification.
  3862 | D:4      | Reached XP level 6. HP: 47/47 MP: 7/7
  3899 | D:4      | Noticed Pikel
  3922 | D:4      | Killed Pikel
  3923 | D:4      | Reached skill level 8 in Axes
  3923 | D:4      | Reached XP level 7. HP: 46/52 MP: 8/8
  4141 | D:4      | Reached skill level 3 in Armour
  4603 | D:4      | Identified the +9 short sword of Amorality {vorpal, Fly
                  | rPois Will- Str+3}
  4715 | D:4      | 4715 ||| SWAPPING to +0 war axe.
  4716 | D:4      | 4716 ||| READING scroll labelled UROVUESUSOU.
  4747 | D:5      | Entered Level 5 of the Dungeon
  4747 | D:5      | Found a sparkling altar of Nemelex Xobeh.
  4747 | D:5      | Found an opulent altar of Gozag.
  4748 | D:5      | 4748 ||| STAIRDANCE
  4758 | D:4      | Reached XP level 8. HP: 59/59 MP: 9/9
  4760 | D:5      | 4760 ||| STAIRDANCE
  4765 | D:5      | 4765 ||| STAIRDANCE
  4798 | D:5      | 4798 ||| INVOKING Fiery Armour.
  4799 | D:5      | 4799 ||| STAIRDANCE
  4804 | D:4      | Reached skill level 1 in Throwing
  4831 | D:5      | 4831 ||| Stepping ~*~*~tactically~*~*~ (stealth).
  4917 | D:5      | Found a shimmering altar of Xom.
  5012 | D:5      | Found Ogrienem's Book Emporium.
  5123 | D:5      | Found an iron altar of Okawaru.
  5124 | D:5      | 5124 ||| Stepping ~*~*~tactically~*~*~ (hiding).
  5126 | D:5      | 5126 ||| Stepping ~*~*~tactically~*~*~ (hiding).
  5381 | D:5      | Found a glowing golden altar of the Shining One.
  5381 | D:5      | Found a burning altar of Makhleb.
  5386 | D:5      | Found a sacrificial altar of Ru.
  5386 | D:5      | Found an ornate altar of the Wu Jian Council.
  5388 | D:5      | Found a broken altar of Ashenzari.
  5389 | D:5      | Found an ancient bone altar of Kikubaaqudgha.
  5508 | D:5      | 5508 ||| Stepping ~*~*~tactically~*~*~ (hiding).
  5646 | D:5      | 5646 ||| UPGRADING to +4 ring of slaying {mikee}.
  5647 | D:5      | 5647 ||| READING scroll labelled DEVANI DAONWI.
  5648 | D:5      | 5648 ||| READING scroll labelled KIURPHOUDUE.
  5649 | D:5      | 5649 ||| READING 3 scrolls labelled XUUGAQU SAT.
  5650 | D:5      | 5650 ||| DRINKING 2 murky red potions.
  5651 | D:5      | 5651 ||| DRINKING 2 orange potions.
  5652 | D:5      | 5652 ||| READING 2 scrolls of identify.
  5652 | D:5      | 5652 ||| IDENTIFYING coppery potion
  5653 | D:5      | 5653 ||| DROPPING 2 scrolls of amnesia.
  5664 | D:6      | Found a staircase to the Ecumenical Temple.
  5665 | D:6      | 5665 ||| INVOKING Fiery Armour.
  5693 | D:6      | 5693 ||| FLEEEEING.
  5914 | D:6      | 5914 ||| Stepping ~*~*~tactically~*~*~ (stealth).
  5916 | D:6      | 5916 ||| Stepping ~*~*~tactically~*~*~ (hiding).
  5920 | D:6      | Reached XP level 9. HP: 55/68 MP: 10/10
  5922 | D:6      | 5922 ||| Stepping ~*~*~tactically~*~*~ (stealth).
  5924 | D:6      | Noticed Eustachio
  5926 | D:6      | Reached skill level 9 in Axes
  5933 | D:6      | Killed Eustachio
  5934 | D:6      | Reached skill level 6 in Fighting
  5935 | D:6      | 5935 ||| INVOKING Fiery Armour.
  6124 | D:6      | 6124 ||| Stepping ~*~*~tactically~*~*~ (stealth).
  6137 | D:6      | 6137 ||| Stepping ~*~*~tactically~*~*~ (stealth).
  6148 | D:6      | Reached skill level 10 in Axes
  6151 | D:6      | 6151 ||| INVOKING Fiery Armour.
  6159 | D:6      | Reached skill level 3 in Throwing
  6184 | D:6      | 6184 ||| FLEEEEING.
  6587 | D:6      | 6587 ||| READING 3 scrolls of identify.
  6587 | D:6      | 6587 ||| IDENTIFYING murky blue potion
  6588 | D:6      | 6588 ||| READING 2 scrolls of identify.
  6588 | D:6      | 6588 ||| IDENTIFYING emerald potion
  6658 | D:7      | 6658 ||| Stepping ~*~*~tactically~*~*~ (stealth).
  6669 | D:7      | 6669 ||| FLEEEEING.
  6670 | D:7      | 6670 ||| FLEEEEING.
  6683 | D:7      | Found a runed translucent gate.
  6685 | D:7      | Found a runed translucent gate.
  6686 | D:7      | Found a runed translucent gate.
  6711 | D:7      | 6711 ||| Stepping ~*~*~tactically~*~*~ (stealth).
  6713 | D:7      | 6713 ||| Stepping ~*~*~tactically~*~*~ (stealth).
  6906 | D:7      | Noticed qw's ghost (novice TrCA)
  7120 | D:7      | Reached XP level 10. HP: 78/79 MP: 11/11
  7201 | D:7      | Found a shadowy altar of Dithmenos.
  7201 | D:7      | Found a hazy altar of Hepliaklqana.
  7377 | D:7      | 7377 ||| READING 2 scrolls of identify.
  7377 | D:7      | 7377 ||| IDENTIFYING pink potion
  7378 | D:7      | 7378 ||| DROPPING potion of ambrosia.
  7524 | D:8      | Reached skill level 11 in Axes
  7531 | D:8      | 7531 ||| Stepping ~*~*~tactically~*~*~ (stealth).
  7534 | D:8      | 7534 ||| INVOKING Fiery Armour.
  7626 | D:8      | 7626 ||| Stepping ~*~*~tactically~*~*~ (stealth).
  7634 | D:8      | 7634 ||| FLEEEEING.
  7644 | D:8      | 7644 ||| FLEEEEING.
  7645 | D:8      | 7645 ||| FLEEEEING.
  7646 | D:8      | 7646 ||| FLEEEEING.
  7647 | D:8      | 7647 ||| FLEEEEING.
  7648 | D:8      | 7648 ||| FLEEEEING.
  7649 | D:8      | 7649 ||| FLEEEEING.
  7658 | D:8      | 7658 ||| FLEEEEING.
  7659 | D:8      | 7659 ||| FLEEEEING.
  7660 | D:8      | 7660 ||| FLEEEEING.
  7661 | D:8      | 7661 ||| FLEEEEING.
  7662 | D:8      | 7662 ||| FLEEEEING.
  7663 | D:8      | 7663 ||| FLEEEEING.
  7664 | D:8      | 7664 ||| FLEEEEING.
  7665 | D:8      | 7665 ||| FLEEEEING.
  7666 | D:8      | 7666 ||| FLEEEEING.
  7667 | D:8      | 7667 ||| FLEEEEING.
  7668 | D:8      | 7668 ||| FLEEEEING.
  7669 | D:8      | 7669 ||| STAIRDANCE
  7687 | D:7      | 7687 ||| READING 3 scrolls of identify.
  7687 | D:7      | 7687 ||| IDENTIFYING murky grey potion
  7768 | D:8      | 7768 ||| FLEEEEING.
  7769 | D:8      | 7769 ||| FLEEEEING.
  7770 | D:8      | 7770 ||| FLEEEEING.
  7771 | D:8      | 7771 ||| FLEEEEING.
  7772 | D:8      | 7772 ||| FLEEEEING.
  7773 | D:8      | 7773 ||| FLEEEEING.
  7774 | D:8      | 7774 ||| FLEEEEING.
  7787 | D:8      | 7787 ||| FLEEEEING.
  7788 | D:8      | 7788 ||| FLEEEEING.
  7790 | D:8      | 7790 ||| FLEEEEING.
  7791 | D:8      | 7791 ||| FLEEEEING.
  7792 | D:8      | 7792 ||| FLEEEEING.
  7793 | D:8      | 7793 ||| FLEEEEING.
  7794 | D:8      | 7794 ||| FLEEEEING.
  7806 | D:8      | 7806 ||| FLEEEEING.
  7807 | D:8      | 7807 ||| FLEEEEING.
  7809 | D:8      | 7809 ||| STAIRDANCE
  8025 | D:8      | 8025 ||| UPGRADING to +0 pair of gloves.
  8062 | D:9      | Reached skill level 6 in Armour
  8155 | D:9      | 8155 ||| Stepping ~*~*~tactically~*~*~ (stealth).
  8166 | D:9      | 8166 ||| INVOKING Fiery Armour.
  8171 | D:9      | HP: 13/79 [hornet (10)]
  8173 | D:9      | 8173 ||| DRINKING potion of heal wounds.
  8272 | D:9      | 8272 ||| Stepping ~*~*~tactically~*~*~ (stealth).
  8455 | D:9      | 8455 ||| INVOKING Fiery Armour.
  8466 | D:9      | Reached skill level 12 in Axes
  8474 | D:9      | Reached XP level 11. HP: 54/86 MP: 12/12
  8564 | D:9      | 8564 ||| Stepping ~*~*~tactically~*~*~ (hiding).
  8678 | D:9      | 8678 ||| FLEEEEING.
  8679 | D:9      | 8679 ||| FLEEEEING.
  8680 | D:9      | 8680 ||| FLEEEEING.
  8681 | D:9      | 8681 ||| FLEEEEING.
  8682 | D:9      | 8682 ||| FLEEEEING.
  8683 | D:9      | 8683 ||| FLEEEEING.
  8684 | D:9      | 8684 ||| FLEEEEING.
  8685 | D:9      | 8685 ||| FLEEEEING.
  8686 | D:9      | 8686 ||| FLEEEEING.
  8687 | D:9      | 8687 ||| FLEEEEING.
  8688 | D:9      | 8688 ||| FLEEEEING.
  8689 | D:9      | 8689 ||| FLEEEEING.
  8690 | D:9      | 8690 ||| FLEEEEING.
  8691 | D:9      | 8691 ||| FLEEEEING.
  8836 | D:9      | Found Boogyl's Assorted Antiques.
  8903 | D:9      | Noticed a wizard
  8909 | D:9      | Killed a wizard
  8910 | D:9      | Reached skill level 13 in Axes
  9058 | D:9      | 9058 ||| DROPPING orb of energy.
  9059 | D:9      | 9059 ||| READING scroll labelled UPTOLO BION.
  9060 | D:9      | 9060 ||| READING 3 scrolls of identify.
  9060 | D:9      | 9060 ||| IDENTIFYING dark potion
  9061 | D:9      | 9061 ||| DROPPING potion of degeneration.
  9089 | D:10     | Entered Level 10 of the Dungeon
  9110 | D:10     | You fall into a shaft and drop 2 floors!
  9120 | D:11     | 9120 ||| Stepping ~*~*~tactically~*~*~ (stealth).
  9127 | D:11     | Noticed a tengu warrior
  9130 | D:11     | 9130 ||| Stepping ~*~*~tactically~*~*~ (hiding).
  9141 | D:11     | 9141 ||| INVOKING Fiery Armour.
  9149 | D:11     | HP: 20/87 [tengu warrior/+0 great sword (6)]
  9150 | D:11     | Killed a tengu warrior
  9151 | D:11     | Reached skill level 9 in Fighting
  9291 | D:11     | Noticed a cyclops
  9294 | D:11     | Killed a cyclops
  9376 | D:11     | 9376 ||| INVOKING Fiery Armour.
  9486 | D:11     | 9486 ||| PLANNING CONVERSION TO OKAWARU
  9486 | D:11     | 9486 ||| Stepping randomly (stuck).
  9487 | D:11     | 9487 ||| Stepping randomly (stuck).
  9488 | D:11     | 9488 ||| Stepping randomly (stuck).
  9489 | D:11     | 9489 ||| Stepping randomly (stuck).
  9491 | D:11     | 9491 ||| Stepping randomly (stuck).
  9492 | D:11     | 9492 ||| Stepping randomly (stuck).
  9493 | D:11     | 9493 ||| Stepping randomly (stuck).
  9494 | D:11     | 9494 ||| Stepping randomly (stuck).
  9495 | D:11     | 9495 ||| Stepping randomly (stuck).
  9496 | D:11     | 9496 ||| Stepping randomly (stuck).
  9497 | D:11     | 9497 ||| Stepping randomly (stuck).
  9498 | D:11     | 9498 ||| Stepping randomly (stuck).
  9499 | D:11     | 9499 ||| Stepping randomly (stuck).
  9500 | D:11     | 9500 ||| Stepping randomly (stuck).
  9501 | D:11     | 9501 ||| Stepping randomly (stuck).
  9502 | D:11     | 9502 ||| Stepping randomly (stuck).
  9503 | D:11     | 9503 ||| Stepping randomly (stuck).
  9504 | D:11     | 9504 ||| Stepping randomly (stuck).
  9505 | D:11     | 9505 ||| Stepping randomly (stuck).
  9506 | D:11     | 9506 ||| Stepping randomly (stuck).
  9507 | D:11     | 9507 ||| Stepping randomly (stuck).
  9508 | D:11     | 9508 ||| Stepping randomly (stuck).
  9509 | D:11     | 9509 ||| Stepping randomly (stuck).
  9510 | D:11     | 9510 ||| Stepping randomly (stuck).
  9511 | D:11     | 9511 ||| Stepping randomly (stuck).
  9512 | D:11     | 9512 ||| Stepping randomly (stuck).
  9513 | D:11     | 9513 ||| Stepping randomly (stuck).
  9514 | D:11     | 9514 ||| Stepping randomly (stuck).
  9515 | D:11     | 9515 ||| Stepping randomly (stuck).
  9516 | D:11     | 9516 ||| Stepping randomly (stuck).
  9517 | D:11     | 9517 ||| Stepping randomly (stuck).
  9518 | D:11     | 9518 ||| Stepping randomly (stuck).
  9519 | D:11     | 9519 ||| Stepping randomly (stuck).
  9520 | D:11     | 9520 ||| Stepping randomly (stuck).
  9521 | D:11     | 9521 ||| Stepping randomly (stuck).
  9521 | D:11     | 9521 ||| PLANNING CONVERSION TO OKAWARU
  9521 | D:11     | 9521 ||| Stepping randomly (stuck).
  9522 | D:11     | 9522 ||| PLANNING CONVERSION TO OKAWARU
  9522 | D:11     | 9522 ||| Stepping randomly (stuck).
  9523 | D:11     | 9523 ||| Stepping randomly (stuck).
  9524 | D:11     | 9524 ||| Stepping randomly (stuck).
  9525 | D:11     | 9525 ||| Stepping randomly (stuck).
  9526 | D:11     | 9526 ||| Stepping randomly (stuck).
  9527 | D:11     | 9527 ||| Stepping randomly (stuck).
  9528 | D:11     | 9528 ||| Stepping randomly (stuck).
  9529 | D:11     | 9529 ||| Stepping randomly (stuck).
  9530 | D:11     | 9530 ||| Stepping randomly (stuck).
  9531 | D:11     | 9531 ||| Stepping randomly (stuck).
  9532 | D:11     | 9532 ||| Stepping randomly (stuck).
  9533 | D:11     | 9533 ||| Stepping randomly (stuck).
  9534 | D:11     | 9534 ||| Stepping randomly (stuck).
  9535 | D:11     | 9535 ||| Stepping randomly (stuck).
  9536 | D:11     | 9536 ||| Stepping randomly (stuck).
  9537 | D:11     | 9537 ||| Stepping randomly (stuck).
  9538 | D:11     | 9538 ||| Stepping randomly (stuck).
  9539 | D:11     | 9539 ||| Stepping randomly (stuck).
  9540 | D:11     | 9540 ||| Stepping randomly (stuck).
  9541 | D:11     | 9541 ||| Stepping randomly (stuck).
  9542 | D:11     | 9542 ||| Stepping randomly (stuck).
  9543 | D:11     | 9543 ||| Stepping randomly (stuck).
  9544 | D:11     | 9544 ||| Stepping randomly (stuck).
  9545 | D:11     | 9545 ||| Stepping randomly (stuck).
  9546 | D:11     | 9546 ||| Stepping randomly (stuck).
  9547 | D:11     | 9547 ||| Stepping randomly (stuck).
  9548 | D:11     | 9548 ||| Stepping randomly (stuck).
  9549 | D:11     | 9549 ||| Stepping randomly (stuck).
  9550 | D:11     | 9550 ||| Stepping randomly (stuck).
  9551 | D:11     | 9551 ||| Stepping randomly (stuck).
  9552 | D:11     | 9552 ||| Stepping randomly (stuck).
  9553 | D:11     | 9553 ||| Stepping randomly (stuck).
  9554 | D:11     | 9554 ||| Stepping randomly (stuck).
  9555 | D:11     | 9555 ||| Stepping randomly (stuck).
  9556 | D:11     | 9556 ||| Stepping randomly (stuck).
  9557 | D:11     | 9557 ||| Stepping randomly (stuck).
  9558 | D:11     | 9558 ||| Stepping randomly (stuck).
  9559 | D:11     | 9559 ||| Stepping randomly (stuck).
  9560 | D:11     | 9560 ||| Stepping randomly (stuck).
  9561 | D:11     | 9561 ||| Stepping randomly (stuck).
  9562 | D:11     | 9562 ||| Stepping randomly (stuck).
  9563 | D:11     | 9563 ||| Stepping randomly (stuck).
  9564 | D:11     | 9564 ||| Stepping randomly (stuck).
  9565 | D:11     | 9565 ||| Stepping randomly (stuck).
  9566 | D:11     | 9566 ||| Stepping randomly (stuck).
  9567 | D:11     | 9567 ||| Stepping randomly (stuck).
  9568 | D:11     | 9568 ||| Stepping randomly (stuck).
  9569 | D:11     | 9569 ||| Stepping randomly (stuck).
  9570 | D:11     | 9570 ||| Stepping randomly (stuck).
  9571 | D:11     | 9571 ||| Stepping randomly (stuck).
  9572 | D:11     | 9572 ||| Stepping randomly (stuck).
  9573 | D:11     | 9573 ||| Stepping randomly (stuck).
  9574 | D:11     | 9574 ||| Stepping randomly (stuck).
  9575 | D:11     | 9575 ||| Stepping randomly (stuck).
  9576 | D:11     | 9576 ||| Stepping randomly (stuck).
  9577 | D:11     | 9577 ||| Stepping randomly (stuck).
  9578 | D:11     | 9578 ||| Stepping randomly (stuck).
  9579 | D:11     | 9579 ||| Stepping randomly (stuck).
  9580 | D:11     | 9580 ||| Stepping randomly (stuck).
  9581 | D:11     | 9581 ||| Stepping randomly (stuck).
  9582 | D:11     | 9582 ||| Stepping randomly (stuck).
  9583 | D:11     | 9583 ||| Stepping randomly (stuck).
  9584 | D:11     | 9584 ||| Stepping randomly (stuck).
  9585 | D:11     | 9585 ||| Stepping randomly (stuck).
  9586 | D:11     | 9586 ||| Stepping randomly (stuck).
  9587 | D:11     | 9587 ||| Stepping randomly (stuck).
  9588 | D:11     | 9588 ||| Stepping randomly (stuck).
  9589 | D:11     | 9589 ||| Stepping randomly (stuck).
  9590 | D:11     | 9590 ||| Stepping randomly (stuck).
  9591 | D:11     | 9591 ||| Stepping randomly (stuck).
  9592 | D:11     | 9592 ||| Stepping randomly (stuck).
  9593 | D:11     | 9593 ||| Stepping randomly (stuck).
  9594 | D:11     | 9594 ||| Stepping randomly (stuck).
  9595 | D:11     | 9595 ||| Stepping randomly (stuck).
  9596 | D:11     | 9596 ||| Stepping randomly (stuck).
  9597 | D:11     | 9597 ||| Stepping randomly (stuck).
  9598 | D:11     | 9598 ||| Stepping randomly (stuck).
  9599 | D:11     | 9599 ||| Stepping randomly (stuck).
  9600 | D:11     | 9600 ||| Stepping randomly (stuck).
  9601 | D:11     | 9601 ||| Stepping randomly (stuck).
  9602 | D:11     | 9602 ||| Stepping randomly (stuck).
  9603 | D:11     | 9603 ||| Stepping randomly (stuck).
  9604 | D:11     | 9604 ||| Stepping randomly (stuck).
  9605 | D:11     | 9605 ||| Stepping randomly (stuck).
  9606 | D:11     | 9606 ||| Stepping randomly (stuck).
  9607 | D:11     | 9607 ||| Stepping randomly (stuck).
  9608 | D:11     | 9608 ||| Stepping randomly (stuck).
  9609 | D:11     | 9609 ||| Stepping randomly (stuck).
  9610 | D:11     | 9610 ||| Stepping randomly (stuck).
  9611 | D:11     | 9611 ||| Stepping randomly (stuck).
  9612 | D:11     | 9612 ||| Stepping randomly (stuck).
  9613 | D:11     | 9613 ||| Stepping randomly (stuck).
  9614 | D:11     | 9614 ||| Stepping randomly (stuck).
  9615 | D:11     | 9615 ||| Stepping randomly (stuck).
  9616 | D:11     | 9616 ||| Stepping randomly (stuck).
  9617 | D:11     | 9617 ||| Stepping randomly (stuck).
  9618 | D:11     | 9618 ||| Stepping randomly (stuck).
  9619 | D:11     | 9619 ||| Stepping randomly (stuck).
  9620 | D:11     | 9620 ||| Stepping randomly (stuck).
  9621 | D:11     | 9621 ||| Stepping randomly (stuck).
  9622 | D:11     | 9622 ||| Stepping randomly (stuck).
  9623 | D:11     | 9623 ||| Stepping randomly (stuck).
  9624 | D:11     | 9624 ||| Stepping randomly (stuck).
  9625 | D:11     | 9625 ||| Stepping randomly (stuck).
  9626 | D:11     | 9626 ||| Stepping randomly (stuck).
  9627 | D:11     | 9627 ||| Stepping randomly (stuck).
  9628 | D:11     | 9628 ||| Stepping randomly (stuck).
  9629 | D:11     | 9629 ||| Stepping randomly (stuck).
  9630 | D:11     | 9630 ||| Stepping randomly (stuck).
  9631 | D:11     | 9631 ||| Stepping randomly (stuck).
  9632 | D:11     | 9632 ||| Stepping randomly (stuck).
  9633 | D:11     | 9633 ||| Stepping randomly (stuck).
  9634 | D:11     | 9634 ||| Stepping randomly (stuck).
  9635 | D:11     | 9635 ||| Stepping randomly (stuck).
  9636 | D:11     | 9636 ||| Stepping randomly (stuck).
  9637 | D:11     | 9637 ||| Stepping randomly (stuck).
  9638 | D:11     | 9638 ||| Stepping randomly (stuck).
  9639 | D:11     | 9639 ||| Stepping randomly (stuck).
  9640 | D:11     | 9640 ||| Stepping randomly (stuck).
  9641 | D:11     | 9641 ||| Stepping randomly (stuck).
  9642 | D:11     | 9642 ||| Stepping randomly (stuck).
  9643 | D:11     | 9643 ||| Stepping randomly (stuck).
  9644 | D:11     | 9644 ||| Stepping randomly (stuck).
  9645 | D:11     | 9645 ||| Stepping randomly (stuck).
  9646 | D:11     | 9646 ||| Stepping randomly (stuck).
  9647 | D:11     | 9647 ||| Stepping randomly (stuck).
  9648 | D:11     | 9648 ||| Stepping randomly (stuck).
  9649 | D:11     | 9649 ||| Stepping randomly (stuck).
  9650 | D:11     | 9650 ||| Stepping randomly (stuck).
  9651 | D:11     | 9651 ||| Stepping randomly (stuck).
  9652 | D:11     | 9652 ||| Stepping randomly (stuck).
  9653 | D:11     | 9653 ||| Stepping randomly (stuck).
  9654 | D:11     | 9654 ||| Stepping randomly (stuck).
  9655 | D:11     | 9655 ||| Stepping randomly (stuck).
  9656 | D:11     | 9656 ||| Stepping randomly (stuck).
  9657 | D:11     | 9657 ||| Stepping randomly (stuck).
  9658 | D:11     | 9658 ||| Stepping randomly (stuck).
  9659 | D:11     | 9659 ||| Stepping randomly (stuck).
  9660 | D:11     | 9660 ||| Stepping randomly (stuck).
  9661 | D:11     | 9661 ||| Stepping randomly (stuck).
  9662 | D:11     | 9662 ||| Stepping randomly (stuck).
  9663 | D:11     | 9663 ||| Stepping randomly (stuck).
  9664 | D:11     | 9664 ||| Stepping randomly (stuck).
  9665 | D:11     | 9665 ||| Stepping randomly (stuck).
  9666 | D:11     | 9666 ||| Stepping randomly (stuck).
  9667 | D:11     | 9667 ||| Stepping randomly (stuck).
  9668 | D:11     | 9668 ||| Stepping randomly (stuck).
  9669 | D:11     | 9669 ||| Stepping randomly (stuck).
  9670 | D:11     | 9670 ||| Stepping randomly (stuck).
  9671 | D:11     | 9671 ||| Stepping randomly (stuck).
  9672 | D:11     | 9672 ||| Stepping randomly (stuck).
  9673 | D:11     | 9673 ||| Stepping randomly (stuck).
  9674 | D:11     | 9674 ||| Stepping randomly (stuck).
  9675 | D:11     | 9675 ||| Stepping randomly (stuck).
  9676 | D:11     | 9676 ||| Stepping randomly (stuck).
  9677 | D:11     | 9677 ||| Stepping randomly (stuck).
  9678 | D:11     | 9678 ||| Stepping randomly (stuck).
  9679 | D:11     | 9679 ||| Stepping randomly (stuck).
  9680 | D:11     | 9680 ||| Stepping randomly (stuck).
  9681 | D:11     | 9681 ||| Stepping randomly (stuck).
  9682 | D:11     | 9682 ||| Stepping randomly (stuck).
  9683 | D:11     | 9683 ||| Stepping randomly (stuck).
  9684 | D:11     | 9684 ||| Stepping randomly (stuck).
  9685 | D:11     | 9685 ||| Stepping randomly (stuck).
  9686 | D:11     | 9686 ||| Stepping randomly (stuck).
  9687 | D:11     | 9687 ||| Stepping randomly (stuck).
  9688 | D:11     | 9688 ||| Stepping randomly (stuck).
  9689 | D:11     | 9689 ||| Stepping randomly (stuck).
  9690 | D:11     | 9690 ||| Stepping randomly (stuck).
  9691 | D:11     | 9691 ||| Stepping randomly (stuck).
  9692 | D:11     | 9692 ||| Stepping randomly (stuck).
  9693 | D:11     | 9693 ||| Stepping randomly (stuck).
  9694 | D:11     | 9694 ||| Stepping randomly (stuck).
  9695 | D:11     | 9695 ||| Stepping randomly (stuck).
  9696 | D:11     | 9696 ||| Stepping randomly (stuck).
  9697 | D:11     | 9697 ||| Stepping randomly (stuck).
  9698 | D:11     | 9698 ||| Stepping randomly (stuck).
  9699 | D:11     | 9699 ||| Stepping randomly (stuck).
  9700 | D:11     | 9700 ||| Stepping randomly (stuck).
  9701 | D:11     | 9701 ||| Stepping randomly (stuck).
  9702 | D:11     | 9702 ||| Stepping randomly (stuck).
  9703 | D:11     | 9703 ||| Stepping randomly (stuck).
  9704 | D:11     | 9704 ||| Stepping randomly (stuck).
  9705 | D:11     | 9705 ||| Stepping randomly (stuck).
  9706 | D:11     | 9706 ||| Stepping randomly (stuck).
  9707 | D:11     | 9707 ||| Stepping randomly (stuck).
  9708 | D:11     | 9708 ||| Stepping randomly (stuck).
  9709 | D:11     | 9709 ||| Stepping randomly (stuck).
  9710 | D:11     | 9710 ||| Stepping randomly (stuck).
  9711 | D:11     | 9711 ||| Stepping randomly (stuck).
  9712 | D:11     | 9712 ||| Stepping randomly (stuck).
  9713 | D:11     | 9713 ||| Stepping randomly (stuck).
  9714 | D:11     | 9714 ||| Stepping randomly (stuck).
  9715 | D:11     | 9715 ||| Stepping randomly (stuck).
  9716 | D:11     | 9716 ||| Stepping randomly (stuck).
  9717 | D:11     | 9717 ||| Stepping randomly (stuck).
  9718 | D:11     | 9718 ||| Stepping randomly (stuck).
  9719 | D:11     | 9719 ||| Stepping randomly (stuck).
  9720 | D:11     | 9720 ||| Stepping randomly (stuck).
  9721 | D:11     | 9721 ||| Stepping randomly (stuck).
  9722 | D:11     | 9722 ||| Stepping randomly (stuck).
  9723 | D:11     | 9723 ||| Stepping randomly (stuck).
  9724 | D:11     | 9724 ||| Stepping randomly (stuck).
  9725 | D:11     | 9725 ||| Stepping randomly (stuck).
  9726 | D:11     | 9726 ||| Stepping randomly (stuck).
  9727 | D:11     | 9727 ||| Stepping randomly (stuck).
  9728 | D:11     | 9728 ||| Stepping randomly (stuck).
  9729 | D:11     | 9729 ||| Stepping randomly (stuck).
  9730 | D:11     | 9730 ||| Stepping randomly (stuck).
  9731 | D:11     | 9731 ||| Stepping randomly (stuck).
  9732 | D:11     | 9732 ||| Stepping randomly (stuck).
  9733 | D:11     | 9733 ||| Stepping randomly (stuck).
  9734 | D:11     | 9734 ||| Stepping randomly (stuck).
  9735 | D:11     | 9735 ||| Stepping randomly (stuck).
  9736 | D:11     | 9736 ||| Stepping randomly (stuck).
  9737 | D:11     | 9737 ||| Stepping randomly (stuck).
  9738 | D:11     | 9738 ||| Stepping randomly (stuck).
  9739 | D:11     | 9739 ||| Stepping randomly (stuck).
  9740 | D:11     | 9740 ||| Stepping randomly (stuck).
  9741 | D:11     | 9741 ||| Stepping randomly (stuck).
  9742 | D:11     | 9742 ||| Stepping randomly (stuck).
  9743 | D:11     | 9743 ||| Stepping randomly (stuck).
  9744 | D:11     | 9744 ||| Stepping randomly (stuck).
  9745 | D:11     | 9745 ||| Stepping randomly (stuck).
  9746 | D:11     | 9746 ||| Stepping randomly (stuck).
  9747 | D:11     | 9747 ||| Stepping randomly (stuck).
  9748 | D:11     | 9748 ||| Stepping randomly (stuck).
  9749 | D:11     | 9749 ||| Stepping randomly (stuck).
  9750 | D:11     | 9750 ||| Stepping randomly (stuck).
  9751 | D:11     | 9751 ||| Stepping randomly (stuck).
  9752 | D:11     | 9752 ||| Stepping randomly (stuck).
  9753 | D:11     | 9753 ||| Stepping randomly (stuck).
  9754 | D:11     | 9754 ||| Stepping randomly (stuck).
  9755 | D:11     | 9755 ||| Stepping randomly (stuck).
  9756 | D:11     | 9756 ||| Stepping randomly (stuck).
  9757 | D:11     | 9757 ||| Stepping randomly (stuck).
  9758 | D:11     | 9758 ||| Stepping randomly (stuck).
  9759 | D:11     | 9759 ||| Stepping randomly (stuck).
  9760 | D:11     | 9760 ||| Stepping randomly (stuck).
  9761 | D:11     | 9761 ||| Stepping randomly (stuck).
  9762 | D:11     | 9762 ||| Stepping randomly (stuck).
  9763 | D:11     | 9763 ||| Stepping randomly (stuck).
  9764 | D:11     | 9764 ||| Stepping randomly (stuck).
  9765 | D:11     | 9765 ||| Stepping randomly (stuck).
  9766 | D:11     | 9766 ||| Stepping randomly (stuck).
  9767 | D:11     | 9767 ||| Stepping randomly (stuck).
  9768 | D:11     | 9768 ||| Stepping randomly (stuck).
  9769 | D:11     | 9769 ||| Stepping randomly (stuck).
  9770 | D:11     | 9770 ||| Stepping randomly (stuck).
  9771 | D:11     | 9771 ||| Stepping randomly (stuck).
  9772 | D:11     | 9772 ||| Stepping randomly (stuck).
  9773 | D:11     | 9773 ||| Stepping randomly (stuck).
  9774 | D:11     | 9774 ||| Stepping randomly (stuck).
  9775 | D:11     | 9775 ||| Stepping randomly (stuck).
  9776 | D:11     | 9776 ||| Stepping randomly (stuck).
  9777 | D:11     | 9777 ||| Stepping randomly (stuck).
  9778 | D:11     | 9778 ||| Stepping randomly (stuck).
  9779 | D:11     | 9779 ||| Stepping randomly (stuck).
  9780 | D:11     | 9780 ||| Stepping randomly (stuck).
  9781 | D:11     | 9781 ||| Stepping randomly (stuck).
  9782 | D:11     | 9782 ||| Stepping randomly (stuck).
  9783 | D:11     | 9783 ||| Stepping randomly (stuck).
  9784 | D:11     | 9784 ||| Stepping randomly (stuck).
  9785 | D:11     | 9785 ||| Stepping randomly (stuck).
  9786 | D:11     | 9786 ||| Stepping randomly (stuck).
  9787 | D:11     | 9787 ||| Stepping randomly (stuck).
  9788 | D:11     | 9788 ||| Stepping randomly (stuck).
  9789 | D:11     | 9789 ||| Stepping randomly (stuck).
  9790 | D:11     | 9790 ||| Stepping randomly (stuck).
  9791 | D:11     | 9791 ||| Stepping randomly (stuck).
  9792 | D:11     | 9792 ||| Stepping randomly (stuck).
  9793 | D:11     | 9793 ||| Stepping randomly (stuck).
  9794 | D:11     | 9794 ||| Stepping randomly (stuck).
  9795 | D:11     | 9795 ||| Stepping randomly (stuck).
  9796 | D:11     | 9796 ||| Stepping randomly (stuck).
  9797 | D:11     | 9797 ||| Stepping randomly (stuck).
  9798 | D:11     | 9798 ||| Stepping randomly (stuck).
  9799 | D:11     | 9799 ||| Stepping randomly (stuck).
  9800 | D:11     | 9800 ||| Stepping randomly (stuck).
  9801 | D:11     | 9801 ||| Stepping randomly (stuck).
  9802 | D:11     | 9802 ||| Stepping randomly (stuck).
  9803 | D:11     | 9803 ||| Stepping randomly (stuck).
  9804 | D:11     | 9804 ||| Stepping randomly (stuck).
  9805 | D:11     | 9805 ||| Stepping randomly (stuck).
  9806 | D:11     | 9806 ||| Stepping randomly (stuck).
  9807 | D:11     | 9807 ||| Stepping randomly (stuck).
  9808 | D:11     | 9808 ||| Stepping randomly (stuck).
  9809 | D:11     | 9809 ||| Stepping randomly (stuck).
  9810 | D:11     | 9810 ||| Stepping randomly (stuck).
  9811 | D:11     | 9811 ||| Stepping randomly (stuck).
  9812 | D:11     | 9812 ||| Stepping randomly (stuck).
  9813 | D:11     | 9813 ||| Stepping randomly (stuck).
  9814 | D:11     | 9814 ||| Stepping randomly (stuck).
  9815 | D:11     | 9815 ||| Stepping randomly (stuck).
  9816 | D:11     | 9816 ||| Stepping randomly (stuck).
  9817 | D:11     | 9817 ||| Stepping randomly (stuck).
  9818 | D:11     | 9818 ||| Stepping randomly (stuck).
  9819 | D:11     | 9819 ||| Stepping randomly (stuck).
  9820 | D:11     | 9820 ||| Stepping randomly (stuck).
  9821 | D:11     | 9821 ||| Stepping randomly (stuck).
  9822 | D:11     | 9822 ||| Stepping randomly (stuck).
  9823 | D:11     | 9823 ||| Stepping randomly (stuck).
  9824 | D:11     | 9824 ||| Stepping randomly (stuck).
  9825 | D:11     | 9825 ||| Stepping randomly (stuck).
  9826 | D:11     | 9826 ||| Stepping randomly (stuck).
  9827 | D:11     | 9827 ||| Stepping randomly (stuck).
  9828 | D:11     | 9828 ||| Stepping randomly (stuck).
  9829 | D:11     | 9829 ||| Stepping randomly (stuck).
  9830 | D:11     | 9830 ||| Stepping randomly (stuck).
  9831 | D:11     | 9831 ||| Stepping randomly (stuck).
  9832 | D:11     | 9832 ||| Stepping randomly (stuck).
  9833 | D:11     | 9833 ||| Stepping randomly (stuck).
  9834 | D:11     | 9834 ||| Stepping randomly (stuck).
  9835 | D:11     | 9835 ||| Stepping randomly (stuck).
  9836 | D:11     | 9836 ||| Stepping randomly (stuck).
  9837 | D:11     | 9837 ||| Stepping randomly (stuck).
  9838 | D:11     | 9838 ||| Stepping randomly (stuck).
  9839 | D:11     | 9839 ||| Stepping randomly (stuck).
  9840 | D:11     | 9840 ||| Stepping randomly (stuck).
  9841 | D:11     | 9841 ||| Stepping randomly (stuck).
  9842 | D:11     | 9842 ||| Stepping randomly (stuck).
  9843 | D:11     | 9843 ||| Stepping randomly (stuck).
  9844 | D:11     | 9844 ||| Stepping randomly (stuck).
  9845 | D:11     | 9845 ||| Stepping randomly (stuck).
  9846 | D:11     | 9846 ||| Stepping randomly (stuck).
  9847 | D:11     | 9847 ||| Stepping randomly (stuck).
  9848 | D:11     | 9848 ||| Stepping randomly (stuck).
  9849 | D:11     | 9849 ||| Stepping randomly (stuck).
  9850 | D:11     | 9850 ||| Stepping randomly (stuck).
  9851 | D:11     | 9851 ||| Stepping randomly (stuck).
  9852 | D:11     | 9852 ||| Stepping randomly (stuck).
  9853 | D:11     | 9853 ||| Stepping randomly (stuck).
  9854 | D:11     | 9854 ||| Stepping randomly (stuck).
  9855 | D:11     | 9855 ||| Stepping randomly (stuck).
  9856 | D:11     | 9856 ||| Stepping randomly (stuck).
  9857 | D:11     | 9857 ||| Stepping randomly (stuck).
  9858 | D:11     | 9858 ||| Stepping randomly (stuck).
  9859 | D:11     | 9859 ||| Stepping randomly (stuck).
  9860 | D:11     | 9860 ||| Stepping randomly (stuck).
  9861 | D:11     | 9861 ||| Stepping randomly (stuck).
  9862 | D:11     | 9862 ||| Stepping randomly (stuck).
  9863 | D:11     | 9863 ||| Stepping randomly (stuck).
  9864 | D:11     | 9864 ||| Stepping randomly (stuck).
  9865 | D:11     | 9865 ||| Stepping randomly (stuck).
  9866 | D:11     | 9866 ||| Stepping randomly (stuck).
  9867 | D:11     | 9867 ||| Stepping randomly (stuck).
  9868 | D:11     | 9868 ||| Stepping randomly (stuck).
  9869 | D:11     | 9869 ||| Stepping randomly (stuck).
  9870 | D:11     | 9870 ||| Stepping randomly (stuck).
  9871 | D:11     | 9871 ||| Stepping randomly (stuck).
  9872 | D:11     | 9872 ||| Stepping randomly (stuck).
  9873 | D:11     | 9873 ||| Stepping randomly (stuck).
  9874 | D:11     | 9874 ||| Stepping randomly (stuck).
  9875 | D:11     | 9875 ||| Stepping randomly (stuck).
  9876 | D:11     | 9876 ||| Stepping randomly (stuck).
  9877 | D:11     | 9877 ||| Stepping randomly (stuck).
  9878 | D:11     | 9878 ||| Stepping randomly (stuck).
  9879 | D:11     | 9879 ||| Stepping randomly (stuck).
  9880 | D:11     | 9880 ||| Stepping randomly (stuck).
  9881 | D:11     | 9881 ||| Stepping randomly (stuck).
  9882 | D:11     | 9882 ||| Stepping randomly (stuck).
  9883 | D:11     | 9883 ||| Stepping randomly (stuck).
  9884 | D:11     | 9884 ||| Stepping randomly (stuck).
  9885 | D:11     | 9885 ||| Stepping randomly (stuck).
  9886 | D:11     | 9886 ||| Stepping randomly (stuck).
  9887 | D:11     | 9887 ||| Stepping randomly (stuck).
  9888 | D:11     | 9888 ||| Stepping randomly (stuck).
  9889 | D:11     | 9889 ||| Stepping randomly (stuck).
  9890 | D:11     | 9890 ||| Stepping randomly (stuck).
  9891 | D:11     | 9891 ||| Stepping randomly (stuck).
  9892 | D:11     | 9892 ||| Stepping randomly (stuck).
  9893 | D:11     | 9893 ||| Stepping randomly (stuck).
  9894 | D:11     | 9894 ||| Stepping randomly (stuck).
  9895 | D:11     | 9895 ||| Stepping randomly (stuck).
  9896 | D:11     | 9896 ||| Stepping randomly (stuck).
  9897 | D:11     | 9897 ||| Stepping randomly (stuck).
  9898 | D:11     | 9898 ||| Stepping randomly (stuck).
  9899 | D:11     | 9899 ||| Stepping randomly (stuck).
  9900 | D:11     | 9900 ||| Stepping randomly (stuck).
  9901 | D:11     | 9901 ||| Stepping randomly (stuck).
  9902 | D:11     | 9902 ||| Stepping randomly (stuck).
  9903 | D:11     | 9903 ||| Stepping randomly (stuck).
  9904 | D:11     | 9904 ||| Stepping randomly (stuck).
  9905 | D:11     | 9905 ||| Stepping randomly (stuck).
  9906 | D:11     | 9906 ||| Stepping randomly (stuck).
  9907 | D:11     | 9907 ||| Stepping randomly (stuck).
  9908 | D:11     | 9908 ||| Stepping randomly (stuck).
  9909 | D:11     | 9909 ||| Stepping randomly (stuck).
  9910 | D:11     | 9910 ||| Stepping randomly (stuck).
  9911 | D:11     | 9911 ||| Stepping randomly (stuck).
  9912 | D:11     | 9912 ||| Stepping randomly (stuck).
  9913 | D:11     | 9913 ||| Stepping randomly (stuck).
  9914 | D:11     | 9914 ||| Stepping randomly (stuck).
  9915 | D:11     | 9915 ||| Stepping randomly (stuck).
  9916 | D:11     | 9916 ||| Stepping randomly (stuck).
  9917 | D:11     | 9917 ||| Stepping randomly (stuck).
  9918 | D:11     | 9918 ||| Stepping randomly (stuck).
  9919 | D:11     | 9919 ||| Stepping randomly (stuck).
  9920 | D:11     | 9920 ||| Stepping randomly (stuck).
  9921 | D:11     | 9921 ||| Stepping randomly (stuck).
  9922 | D:11     | 9922 ||| Stepping randomly (stuck).
  9923 | D:11     | 9923 ||| Stepping randomly (stuck).
  9924 | D:11     | 9924 ||| Stepping randomly (stuck).
  9925 | D:11     | 9925 ||| Stepping randomly (stuck).
  9926 | D:11     | 9926 ||| Stepping randomly (stuck).
  9927 | D:11     | 9927 ||| Stepping randomly (stuck).
  9928 | D:11     | 9928 ||| Stepping randomly (stuck).
  9929 | D:11     | 9929 ||| Stepping randomly (stuck).
  9930 | D:11     | 9930 ||| Stepping randomly (stuck).
  9931 | D:11     | 9931 ||| Stepping randomly (stuck).
  9932 | D:11     | 9932 ||| Stepping randomly (stuck).
  9933 | D:11     | 9933 ||| Stepping randomly (stuck).
  9934 | D:11     | 9934 ||| Stepping randomly (stuck).
  9935 | D:11     | 9935 ||| Stepping randomly (stuck).
  9936 | D:11     | 9936 ||| Stepping randomly (stuck).
  9937 | D:11     | 9937 ||| Stepping randomly (stuck).
  9938 | D:11     | 9938 ||| Stepping randomly (stuck).
  9939 | D:11     | 9939 ||| Stepping randomly (stuck).
  9940 | D:11     | 9940 ||| Stepping randomly (stuck).
  9941 | D:11     | 9941 ||| Stepping randomly (stuck).
  9942 | D:11     | 9942 ||| Stepping randomly (stuck).
  9943 | D:11     | 9943 ||| Stepping randomly (stuck).
  9944 | D:11     | 9944 ||| Stepping randomly (stuck).
  9945 | D:11     | 9945 ||| Stepping randomly (stuck).
  9946 | D:11     | 9946 ||| Stepping randomly (stuck).
  9947 | D:11     | 9947 ||| Stepping randomly (stuck).
  9948 | D:11     | 9948 ||| Stepping randomly (stuck).
  9949 | D:11     | 9949 ||| Stepping randomly (stuck).
  9950 | D:11     | 9950 ||| Stepping randomly (stuck).
  9951 | D:11     | 9951 ||| Stepping randomly (stuck).
  9952 | D:11     | 9952 ||| Stepping randomly (stuck).
  9953 | D:11     | 9953 ||| Stepping randomly (stuck).
  9954 | D:11     | 9954 ||| Stepping randomly (stuck).
  9955 | D:11     | 9955 ||| Stepping randomly (stuck).
  9956 | D:11     | 9956 ||| Stepping randomly (stuck).
  9957 | D:11     | 9957 ||| Stepping randomly (stuck).
  9958 | D:11     | 9958 ||| Stepping randomly (stuck).
  9959 | D:11     | 9959 ||| Stepping randomly (stuck).
  9960 | D:11     | 9960 ||| Stepping randomly (stuck).
  9961 | D:11     | 9961 ||| Stepping randomly (stuck).
  9962 | D:11     | 9962 ||| Stepping randomly (stuck).
  9963 | D:11     | 9963 ||| Stepping randomly (stuck).
  9964 | D:11     | 9964 ||| Stepping randomly (stuck).
  9965 | D:11     | 9965 ||| Stepping randomly (stuck).
  9966 | D:11     | 9966 ||| Stepping randomly (stuck).
  9967 | D:11     | 9967 ||| Stepping randomly (stuck).
  9968 | D:11     | 9968 ||| Stepping randomly (stuck).
  9969 | D:11     | 9969 ||| Stepping randomly (stuck).
  9970 | D:11     | 9970 ||| Stepping randomly (stuck).
  9971 | D:11     | 9971 ||| Stepping randomly (stuck).
  9972 | D:11     | 9972 ||| Stepping randomly (stuck).
  9973 | D:11     | 9973 ||| Stepping randomly (stuck).
  9974 | D:11     | 9974 ||| Stepping randomly (stuck).
  9975 | D:11     | 9975 ||| Stepping randomly (stuck).
  9976 | D:11     | 9976 ||| Stepping randomly (stuck).
  9977 | D:11     | 9977 ||| Stepping randomly (stuck).
  9978 | D:11     | 9978 ||| Stepping randomly (stuck).
  9979 | D:11     | 9979 ||| Stepping randomly (stuck).
  9980 | D:11     | 9980 ||| Stepping randomly (stuck).
  9981 | D:11     | 9981 ||| Stepping randomly (stuck).
  9982 | D:11     | 9982 ||| Stepping randomly (stuck).
  9983 | D:11     | 9983 ||| Stepping randomly (stuck).
  9984 | D:11     | 9984 ||| Stepping randomly (stuck).
  9985 | D:11     | 9985 ||| Stepping randomly (stuck).
  9986 | D:11     | 9986 ||| Stepping randomly (stuck).
  9987 | D:11     | 9987 ||| Stepping randomly (stuck).
  9988 | D:11     | 9988 ||| Stepping randomly (stuck).
  9989 | D:11     | 9989 ||| Stepping randomly (stuck).
  9990 | D:11     | 9990 ||| Stepping randomly (stuck).
  9991 | D:11     | 9991 ||| Stepping randomly (stuck).
  9992 | D:11     | 9992 ||| Stepping randomly (stuck).
  9993 | D:11     | 9993 ||| Stepping randomly (stuck).
  9994 | D:11     | 9994 ||| Stepping randomly (stuck).
  9995 | D:11     | 9995 ||| Stepping randomly (stuck).
  9996 | D:11     | 9996 ||| Stepping randomly (stuck).
  9997 | D:11     | 9997 ||| Stepping randomly (stuck).
  9998 | D:11     | 9998 ||| Stepping randomly (stuck).
  9999 | D:11     | 9999 ||| Stepping randomly (stuck).
 10000 | D:11     | 10000 ||| Stepping randomly (stuck).
 10001 | D:11     | 10001 ||| Stepping randomly (stuck).
 10002 | D:11     | 10002 ||| Stepping randomly (stuck).
 10003 | D:11     | 10003 ||| Stepping randomly (stuck).
 10004 | D:11     | 10004 ||| Stepping randomly (stuck).
 10005 | D:11     | 10005 ||| Stepping randomly (stuck).
 10006 | D:11     | 10006 ||| Stepping randomly (stuck).
 10007 | D:11     | 10007 ||| Stepping randomly (stuck).
 10008 | D:11     | 10008 ||| Stepping randomly (stuck).
 10009 | D:11     | 10009 ||| Stepping randomly (stuck).
 10010 | D:11     | 10010 ||| Stepping randomly (stuck).
 10011 | D:11     | 10011 ||| Stepping randomly (stuck).
 10012 | D:11     | 10012 ||| Stepping randomly (stuck).
 10013 | D:11     | 10013 ||| Stepping randomly (stuck).
 10014 | D:11     | 10014 ||| Stepping randomly (stuck).
 10015 | D:11     | 10015 ||| Stepping randomly (stuck).
 10016 | D:11     | 10016 ||| Stepping randomly (stuck).
 10017 | D:11     | 10017 ||| Stepping randomly (stuck).
 10018 | D:11     | 10018 ||| Stepping randomly (stuck).
 10019 | D:11     | 10019 ||| Stepping randomly (stuck).
 10020 | D:11     | 10020 ||| Stepping randomly (stuck).
 10021 | D:11     | 10021 ||| Stepping randomly (stuck).
 10022 | D:11     | 10022 ||| Stepping randomly (stuck).
 10023 | D:11     | 10023 ||| Stepping randomly (stuck).
 10024 | D:11     | 10024 ||| Stepping randomly (stuck).
 10025 | D:11     | 10025 ||| Stepping randomly (stuck).
 10026 | D:11     | 10026 ||| Stepping randomly (stuck).
 10027 | D:11     | 10027 ||| Stepping randomly (stuck).
 10028 | D:11     | 10028 ||| Stepping randomly (stuck).
 10029 | D:11     | 10029 ||| Stepping randomly (stuck).
 10030 | D:11     | 10030 ||| Stepping randomly (stuck).
 10031 | D:11     | 10031 ||| Stepping randomly (stuck).
 10032 | D:11     | 10032 ||| Stepping randomly (stuck).
 10033 | D:11     | 10033 ||| Stepping randomly (stuck).
 10034 | D:11     | 10034 ||| Stepping randomly (stuck).
 10035 | D:11     | 10035 ||| Stepping randomly (stuck).
 10036 | D:11     | 10036 ||| Stepping randomly (stuck).
 10037 | D:11     | 10037 ||| Stepping randomly (stuck).
 10038 | D:11     | 10038 ||| Stepping randomly (stuck).
 10039 | D:11     | 10039 ||| Stepping randomly (stuck).
 10040 | D:11     | 10040 ||| Stepping randomly (stuck).
 10041 | D:11     | 10041 ||| Stepping randomly (stuck).
 10042 | D:11     | 10042 ||| Stepping randomly (stuck).
 10043 | D:11     | 10043 ||| Stepping randomly (stuck).
 10044 | D:11     | 10044 ||| Stepping randomly (stuck).
 10045 | D:11     | 10045 ||| Stepping randomly (stuck).
 10046 | D:11     | 10046 ||| Stepping randomly (stuck).
 10047 | D:11     | 10047 ||| Stepping randomly (stuck).
 10048 | D:11     | 10048 ||| Stepping randomly (stuck).
 10049 | D:11     | 10049 ||| Stepping randomly (stuck).
 10050 | D:11     | 10050 ||| Stepping randomly (stuck).
 10051 | D:11     | 10051 ||| Stepping randomly (stuck).
 10052 | D:11     | 10052 ||| Stepping randomly (stuck).
 10053 | D:11     | 10053 ||| Stepping randomly (stuck).
 10054 | D:11     | 10054 ||| Stepping randomly (stuck).
 10055 | D:11     | 10055 ||| Stepping randomly (stuck).
 10056 | D:11     | 10056 ||| Stepping randomly (stuck).
 10057 | D:11     | 10057 ||| Stepping randomly (stuck).
 10058 | D:11     | 10058 ||| Stepping randomly (stuck).
 10059 | D:11     | 10059 ||| Stepping randomly (stuck).
 10060 | D:11     | 10060 ||| Stepping randomly (stuck).
 10061 | D:11     | 10061 ||| Stepping randomly (stuck).
 10062 | D:11     | 10062 ||| Stepping randomly (stuck).
 10063 | D:11     | 10063 ||| Stepping randomly (stuck).
 10064 | D:11     | 10064 ||| Stepping randomly (stuck).
 10065 | D:11     | 10065 ||| Stepping randomly (stuck).
 10066 | D:11     | 10066 ||| Stepping randomly (stuck).
 10067 | D:11     | 10067 ||| Stepping randomly (stuck).
 10068 | D:11     | 10068 ||| Stepping randomly (stuck).
 10069 | D:11     | 10069 ||| Stepping randomly (stuck).
 10070 | D:11     | 10070 ||| Stepping randomly (stuck).
 10071 | D:11     | 10071 ||| Stepping randomly (stuck).
 10072 | D:11     | 10072 ||| Stepping randomly (stuck).
 10073 | D:11     | 10073 ||| Stepping randomly (stuck).
 10074 | D:11     | 10074 ||| Stepping randomly (stuck).
 10075 | D:11     | 10075 ||| Stepping randomly (stuck).
 10076 | D:11     | 10076 ||| Stepping randomly (stuck).
 10077 | D:11     | 10077 ||| Stepping randomly (stuck).
 10078 | D:11     | 10078 ||| Stepping randomly (stuck).
 10079 | D:11     | 10079 ||| Stepping randomly (stuck).
 10080 | D:11     | 10080 ||| Stepping randomly (stuck).
 10081 | D:11     | 10081 ||| Stepping randomly (stuck).
 10082 | D:11     | 10082 ||| Stepping randomly (stuck).
 10083 | D:11     | 10083 ||| Stepping randomly (stuck).
 10084 | D:11     | 10084 ||| Stepping randomly (stuck).
 10085 | D:11     | 10085 ||| Stepping randomly (stuck).
 10086 | D:11     | 10086 ||| Stepping randomly (stuck).
 10087 | D:11     | 10087 ||| Stepping randomly (stuck).
 10088 | D:11     | 10088 ||| Stepping randomly (stuck).
 10089 | D:11     | 10089 ||| Stepping randomly (stuck).
 10090 | D:11     | 10090 ||| Stepping randomly (stuck).
 10091 | D:11     | 10091 ||| Stepping randomly (stuck).
 10092 | D:11     | 10092 ||| Stepping randomly (stuck).
 10093 | D:11     | 10093 ||| Stepping randomly (stuck).
 10094 | D:11     | 10094 ||| Stepping randomly (stuck).
 10095 | D:11     | 10095 ||| Stepping randomly (stuck).
 10096 | D:11     | 10096 ||| Stepping randomly (stuck).
 10097 | D:11     | 10097 ||| Stepping randomly (stuck).
 10098 | D:11     | 10098 ||| Stepping randomly (stuck).
 10099 | D:11     | 10099 ||| Stepping randomly (stuck).
 10100 | D:11     | 10100 ||| Stepping randomly (stuck).
 10101 | D:11     | 10101 ||| Stepping randomly (stuck).
 10102 | D:11     | 10102 ||| Stepping randomly (stuck).
 10103 | D:11     | 10103 ||| Stepping randomly (stuck).
 10104 | D:11     | 10104 ||| Stepping randomly (stuck).
 10105 | D:11     | 10105 ||| Stepping randomly (stuck).
 10106 | D:11     | 10106 ||| Stepping randomly (stuck).
 10107 | D:11     | 10107 ||| Stepping randomly (stuck).
 10108 | D:11     | 10108 ||| Stepping randomly (stuck).
 10109 | D:11     | 10109 ||| Stepping randomly (stuck).
 10110 | D:11     | 10110 ||| Stepping randomly (stuck).
 10111 | D:11     | 10111 ||| Stepping randomly (stuck).
 10112 | D:11     | 10112 ||| Stepping randomly (stuck).
 10113 | D:11     | 10113 ||| Stepping randomly (stuck).
 10114 | D:11     | 10114 ||| Stepping randomly (stuck).
 10115 | D:11     | 10115 ||| Stepping randomly (stuck).
 10116 | D:11     | 10116 ||| Stepping randomly (stuck).
 10117 | D:11     | 10117 ||| Stepping randomly (stuck).
 10118 | D:11     | 10118 ||| Stepping randomly (stuck).
 10119 | D:11     | 10119 ||| Stepping randomly (stuck).
 10120 | D:11     | 10120 ||| Stepping randomly (stuck).
 10121 | D:11     | 10121 ||| Stepping randomly (stuck).
 10122 | D:11     | 10122 ||| Stepping randomly (stuck).
 10123 | D:11     | 10123 ||| Stepping randomly (stuck).
 10124 | D:11     | 10124 ||| Stepping randomly (stuck).
 10125 | D:11     | 10125 ||| Stepping randomly (stuck).
 10126 | D:11     | 10126 ||| Stepping randomly (stuck).
 10127 | D:11     | 10127 ||| Stepping randomly (stuck).
 10128 | D:11     | 10128 ||| Stepping randomly (stuck).
 10129 | D:11     | 10129 ||| Stepping randomly (stuck).
 10130 | D:11     | 10130 ||| Stepping randomly (stuck).
 10131 | D:11     | 10131 ||| Stepping randomly (stuck).
 10132 | D:11     | 10132 ||| Stepping randomly (stuck).
 10133 | D:11     | 10133 ||| Stepping randomly (stuck).
 10134 | D:11     | 10134 ||| Stepping randomly (stuck).
 10135 | D:11     | 10135 ||| Stepping randomly (stuck).
 10136 | D:11     | 10136 ||| Stepping randomly (stuck).
 10137 | D:11     | 10137 ||| Stepping randomly (stuck).
 10138 | D:11     | 10138 ||| Stepping randomly (stuck).
 10139 | D:11     | 10139 ||| Stepping randomly (stuck).
 10140 | D:11     | 10140 ||| Stepping randomly (stuck).
 10141 | D:11     | 10141 ||| Stepping randomly (stuck).
 10142 | D:11     | 10142 ||| Stepping randomly (stuck).
 10143 | D:11     | 10143 ||| Stepping randomly (stuck).
 10144 | D:11     | 10144 ||| Stepping randomly (stuck).
 10145 | D:11     | 10145 ||| Stepping randomly (stuck).
 10146 | D:11     | 10146 ||| Stepping randomly (stuck).
 10147 | D:11     | 10147 ||| Stepping randomly (stuck).
 10148 | D:11     | 10148 ||| Stepping randomly (stuck).
 10149 | D:11     | 10149 ||| Stepping randomly (stuck).
 10150 | D:11     | 10150 ||| Stepping randomly (stuck).
 10151 | D:11     | 10151 ||| Stepping randomly (stuck).
 10152 | D:11     | 10152 ||| Stepping randomly (stuck).
 10153 | D:11     | 10153 ||| Stepping randomly (stuck).
 10154 | D:11     | 10154 ||| Stepping randomly (stuck).
 10155 | D:11     | 10155 ||| Stepping randomly (stuck).
 10156 | D:11     | 10156 ||| Stepping randomly (stuck).
 10157 | D:11     | 10157 ||| Stepping randomly (stuck).
 10158 | D:11     | 10158 ||| Stepping randomly (stuck).
 10159 | D:11     | 10159 ||| Stepping randomly (stuck).
 10160 | D:11     | 10160 ||| Stepping randomly (stuck).
 10161 | D:11     | 10161 ||| Stepping randomly (stuck).
 10162 | D:11     | 10162 ||| Stepping randomly (stuck).
 10163 | D:11     | 10163 ||| Stepping randomly (stuck).
 10164 | D:11     | 10164 ||| Stepping randomly (stuck).
 10165 | D:11     | 10165 ||| Stepping randomly (stuck).
 10166 | D:11     | 10166 ||| Stepping randomly (stuck).
 10167 | D:11     | 10167 ||| Stepping randomly (stuck).
 10168 | D:11     | 10168 ||| Stepping randomly (stuck).
 10169 | D:11     | 10169 ||| Stepping randomly (stuck).
 10170 | D:11     | 10170 ||| Stepping randomly (stuck).
 10171 | D:11     | 10171 ||| Stepping randomly (stuck).
 10172 | D:11     | 10172 ||| Stepping randomly (stuck).
 10173 | D:11     | 10173 ||| Stepping randomly (stuck).
 10174 | D:11     | 10174 ||| Stepping randomly (stuck).
 10175 | D:11     | 10175 ||| Stepping randomly (stuck).
 10176 | D:11     | 10176 ||| Stepping randomly (stuck).
 10177 | D:11     | 10177 ||| Stepping randomly (stuck).
 10178 | D:11     | 10178 ||| Stepping randomly (stuck).
 10179 | D:11     | 10179 ||| Stepping randomly (stuck).
 10180 | D:11     | 10180 ||| Stepping randomly (stuck).
 10181 | D:11     | 10181 ||| Stepping randomly (stuck).
 10182 | D:11     | 10182 ||| Stepping randomly (stuck).
 10183 | D:11     | 10183 ||| Stepping randomly (stuck).
 10184 | D:11     | 10184 ||| Stepping randomly (stuck).
 10185 | D:11     | 10185 ||| Stepping randomly (stuck).
 10186 | D:11     | 10186 ||| Stepping randomly (stuck).
 10187 | D:11     | 10187 ||| Stepping randomly (stuck).
 10188 | D:11     | 10188 ||| Stepping randomly (stuck).
 10189 | D:11     | 10189 ||| Stepping randomly (stuck).
 10190 | D:11     | 10190 ||| Stepping randomly (stuck).
 10191 | D:11     | 10191 ||| Stepping randomly (stuck).
 10192 | D:11     | 10192 ||| Stepping randomly (stuck).
 10193 | D:11     | 10193 ||| Stepping randomly (stuck).
 10194 | D:11     | 10194 ||| Stepping randomly (stuck).
 10195 | D:11     | 10195 ||| Stepping randomly (stuck).
 10196 | D:11     | 10196 ||| Stepping randomly (stuck).
 10197 | D:11     | 10197 ||| Stepping randomly (stuck).
 10198 | D:11     | 10198 ||| Stepping randomly (stuck).
 10199 | D:11     | 10199 ||| Stepping randomly (stuck).
 10200 | D:11     | 10200 ||| Stepping randomly (stuck).
 10201 | D:11     | 10201 ||| Stepping randomly (stuck).
 10202 | D:11     | 10202 ||| Stepping randomly (stuck).
 10203 | D:11     | 10203 ||| Stepping randomly (stuck).
 10204 | D:11     | 10204 ||| Stepping randomly (stuck).
 10205 | D:11     | 10205 ||| Stepping randomly (stuck).
 10206 | D:11     | 10206 ||| Stepping randomly (stuck).
 10207 | D:11     | 10207 ||| Stepping randomly (stuck).
 10208 | D:11     | 10208 ||| Stepping randomly (stuck).
 10209 | D:11     | 10209 ||| Stepping randomly (stuck).
 10210 | D:11     | 10210 ||| Stepping randomly (stuck).
 10211 | D:11     | 10211 ||| Stepping randomly (stuck).
 10212 | D:11     | 10212 ||| Stepping randomly (stuck).
 10213 | D:11     | 10213 ||| Stepping randomly (stuck).
 10214 | D:11     | 10214 ||| Stepping randomly (stuck).
 10215 | D:11     | 10215 ||| Stepping randomly (stuck).
 10216 | D:11     | 10216 ||| Stepping randomly (stuck).
 10217 | D:11     | 10217 ||| Stepping randomly (stuck).
 10218 | D:11     | 10218 ||| Stepping randomly (stuck).
 10219 | D:11     | 10219 ||| Stepping randomly (stuck).
 10220 | D:11     | 10220 ||| Stepping randomly (stuck).
 10221 | D:11     | 10221 ||| Stepping randomly (stuck).
 10222 | D:11     | 10222 ||| Stepping randomly (stuck).
 10223 | D:11     | 10223 ||| Stepping randomly (stuck).
 10224 | D:11     | 10224 ||| Stepping randomly (stuck).
 10225 | D:11     | 10225 ||| Stepping randomly (stuck).
 10226 | D:11     | 10226 ||| Stepping randomly (stuck).
 10227 | D:11     | 10227 ||| Stepping randomly (stuck).
 10228 | D:11     | 10228 ||| Stepping randomly (stuck).
 10229 | D:11     | 10229 ||| Stepping randomly (stuck).
 10230 | D:11     | 10230 ||| Stepping randomly (stuck).
 10231 | D:11     | 10231 ||| Stepping randomly (stuck).
 10232 | D:11     | 10232 ||| Stepping randomly (stuck).
 10233 | D:11     | 10233 ||| Stepping randomly (stuck).
 10234 | D:11     | 10234 ||| Stepping randomly (stuck).
 10235 | D:11     | 10235 ||| Stepping randomly (stuck).
 10236 | D:11     | 10236 ||| Stepping randomly (stuck).
 10237 | D:11     | 10237 ||| Stepping randomly (stuck).
 10238 | D:11     | 10238 ||| Stepping randomly (stuck).
 10239 | D:11     | 10239 ||| Stepping randomly (stuck).
 10240 | D:11     | 10240 ||| Stepping randomly (stuck).
 10241 | D:11     | 10241 ||| Stepping randomly (stuck).
 10242 | D:11     | 10242 ||| Stepping randomly (stuck).
 10243 | D:11     | 10243 ||| Stepping randomly (stuck).
 10244 | D:11     | 10244 ||| Stepping randomly (stuck).
 10245 | D:11     | 10245 ||| Stepping randomly (stuck).
 10246 | D:11     | 10246 ||| Stepping randomly (stuck).
 10247 | D:11     | 10247 ||| Stepping randomly (stuck).
 10248 | D:11     | 10248 ||| Stepping randomly (stuck).
 10249 | D:11     | 10249 ||| Stepping randomly (stuck).
 10250 | D:11     | 10250 ||| Stepping randomly (stuck).
 10251 | D:11     | 10251 ||| Stepping randomly (stuck).
 10252 | D:11     | 10252 ||| Stepping randomly (stuck).
 10253 | D:11     | 10253 ||| Stepping randomly (stuck).
 10254 | D:11     | 10254 ||| Stepping randomly (stuck).
 10255 | D:11     | 10255 ||| Stepping randomly (stuck).
 10256 | D:11     | 10256 ||| Stepping randomly (stuck).
 10257 | D:11     | 10257 ||| Stepping randomly (stuck).
 10258 | D:11     | 10258 ||| Stepping randomly (stuck).
 10259 | D:11     | 10259 ||| Stepping randomly (stuck).
 10260 | D:11     | 10260 ||| Stepping randomly (stuck).
 10261 | D:11     | 10261 ||| Stepping randomly (stuck).
 10262 | D:11     | 10262 ||| Stepping randomly (stuck).
 10263 | D:11     | 10263 ||| Stepping randomly (stuck).
 10264 | D:11     | 10264 ||| Stepping randomly (stuck).
 10265 | D:11     | 10265 ||| Stepping randomly (stuck).
 10266 | D:11     | 10266 ||| Stepping randomly (stuck).
 10267 | D:11     | 10267 ||| Stepping randomly (stuck).
 10268 | D:11     | 10268 ||| Stepping randomly (stuck).
 10269 | D:11     | 10269 ||| Stepping randomly (stuck).
 10270 | D:11     | 10270 ||| Stepping randomly (stuck).
 10271 | D:11     | 10271 ||| Stepping randomly (stuck).
 10272 | D:11     | 10272 ||| Stepping randomly (stuck).
 10273 | D:11     | 10273 ||| Stepping randomly (stuck).
 10274 | D:11     | 10274 ||| Stepping randomly (stuck).
 10275 | D:11     | 10275 ||| Stepping randomly (stuck).
 10276 | D:11     | 10276 ||| Stepping randomly (stuck).
 10277 | D:11     | 10277 ||| Stepping randomly (stuck).
 10278 | D:11     | 10278 ||| Stepping randomly (stuck).
 10279 | D:11     | 10279 ||| Stepping randomly (stuck).
 10280 | D:11     | 10280 ||| Stepping randomly (stuck).
 10281 | D:11     | 10281 ||| Stepping randomly (stuck).
 10282 | D:11     | 10282 ||| Stepping randomly (stuck).
 10283 | D:11     | 10283 ||| Stepping randomly (stuck).
 10284 | D:11     | 10284 ||| Stepping randomly (stuck).
 10285 | D:11     | 10285 ||| Stepping randomly (stuck).
 10286 | D:11     | 10286 ||| Stepping randomly (stuck).
 10287 | D:11     | 10287 ||| Stepping randomly (stuck).
 10288 | D:11     | 10288 ||| Stepping randomly (stuck).
 10289 | D:11     | 10289 ||| Stepping randomly (stuck).
 10290 | D:11     | 10290 ||| Stepping randomly (stuck).
 10291 | D:11     | 10291 ||| Stepping randomly (stuck).
 10292 | D:11     | 10292 ||| Stepping randomly (stuck).
 10293 | D:11     | 10293 ||| Stepping randomly (stuck).
 10294 | D:11     | 10294 ||| Stepping randomly (stuck).
 10295 | D:11     | 10295 ||| Stepping randomly (stuck).
 10296 | D:11     | 10296 ||| Stepping randomly (stuck).
 10297 | D:11     | 10297 ||| Stepping randomly (stuck).
 10298 | D:11     | 10298 ||| Stepping randomly (stuck).
 10299 | D:11     | 10299 ||| Stepping randomly (stuck).
 10300 | D:11     | 10300 ||| Stepping randomly (stuck).
 10301 | D:11     | 10301 ||| Stepping randomly (stuck).
 10302 | D:11     | 10302 ||| Stepping randomly (stuck).
 10303 | D:11     | 10303 ||| Stepping randomly (stuck).
 10304 | D:11     | 10304 ||| Stepping randomly (stuck).
 10305 | D:11     | 10305 ||| Stepping randomly (stuck).
 10306 | D:11     | 10306 ||| Stepping randomly (stuck).
 10307 | D:11     | 10307 ||| Stepping randomly (stuck).
 10308 | D:11     | 10308 ||| Stepping randomly (stuck).
 10309 | D:11     | 10309 ||| Stepping randomly (stuck).
 10310 | D:11     | 10310 ||| Stepping randomly (stuck).
 10311 | D:11     | 10311 ||| Stepping randomly (stuck).
 10312 | D:11     | 10312 ||| Stepping randomly (stuck).
 10313 | D:11     | 10313 ||| Stepping randomly (stuck).
 10314 | D:11     | 10314 ||| Stepping randomly (stuck).
 10315 | D:11     | 10315 ||| Stepping randomly (stuck).
 10316 | D:11     | 10316 ||| Stepping randomly (stuck).
 10317 | D:11     | 10317 ||| Stepping randomly (stuck).
 10318 | D:11     | 10318 ||| Stepping randomly (stuck).
 10319 | D:11     | 10319 ||| Stepping randomly (stuck).
 10320 | D:11     | 10320 ||| Stepping randomly (stuck).
 10321 | D:11     | 10321 ||| Stepping randomly (stuck).
 10322 | D:11     | 10322 ||| Stepping randomly (stuck).
 10323 | D:11     | 10323 ||| Stepping randomly (stuck).
 10324 | D:11     | 10324 ||| Stepping randomly (stuck).
 10325 | D:11     | 10325 ||| Stepping randomly (stuck).
 10326 | D:11     | 10326 ||| Stepping randomly (stuck).
 10327 | D:11     | 10327 ||| Stepping randomly (stuck).
 10328 | D:11     | 10328 ||| Stepping randomly (stuck).
 10329 | D:11     | 10329 ||| Stepping randomly (stuck).
 10330 | D:11     | 10330 ||| Stepping randomly (stuck).
 10331 | D:11     | 10331 ||| Stepping randomly (stuck).
 10332 | D:11     | 10332 ||| Stepping randomly (stuck).
 10333 | D:11     | 10333 ||| Stepping randomly (stuck).
 10334 | D:11     | 10334 ||| Stepping randomly (stuck).
 10335 | D:11     | 10335 ||| Stepping randomly (stuck).
 10336 | D:11     | 10336 ||| Stepping randomly (stuck).
 10337 | D:11     | 10337 ||| Stepping randomly (stuck).
 10338 | D:11     | 10338 ||| Stepping randomly (stuck).
 10339 | D:11     | 10339 ||| Stepping randomly (stuck).
 10340 | D:11     | 10340 ||| Stepping randomly (stuck).
 10341 | D:11     | 10341 ||| Stepping randomly (stuck).
 10342 | D:11     | 10342 ||| Stepping randomly (stuck).
 10343 | D:11     | 10343 ||| Stepping randomly (stuck).
 10344 | D:11     | 10344 ||| Stepping randomly (stuck).
 10345 | D:11     | 10345 ||| Stepping randomly (stuck).
 10346 | D:11     | 10346 ||| Stepping randomly (stuck).
 10347 | D:11     | 10347 ||| Stepping randomly (stuck).
 10348 | D:11     | 10348 ||| Stepping randomly (stuck).
 10349 | D:11     | 10349 ||| Stepping randomly (stuck).
 10350 | D:11     | 10350 ||| Stepping randomly (stuck).
 10351 | D:11     | 10351 ||| Stepping randomly (stuck).
 10352 | D:11     | 10352 ||| Stepping randomly (stuck).
 10353 | D:11     | 10353 ||| Stepping randomly (stuck).
 10354 | D:11     | 10354 ||| Stepping randomly (stuck).
 10355 | D:11     | 10355 ||| Stepping randomly (stuck).
 10356 | D:11     | 10356 ||| Stepping randomly (stuck).
 10357 | D:11     | 10357 ||| Stepping randomly (stuck).
 10358 | D:11     | 10358 ||| Stepping randomly (stuck).
 10359 | D:11     | 10359 ||| Stepping randomly (stuck).
 10360 | D:11     | 10360 ||| Stepping randomly (stuck).
 10361 | D:11     | 10361 ||| Stepping randomly (stuck).
 10362 | D:11     | 10362 ||| Stepping randomly (stuck).
 10363 | D:11     | 10363 ||| Stepping randomly (stuck).
 10364 | D:11     | 10364 ||| Stepping randomly (stuck).
 10365 | D:11     | 10365 ||| Stepping randomly (stuck).
 10366 | D:11     | 10366 ||| Stepping randomly (stuck).
 10367 | D:11     | 10367 ||| Stepping randomly (stuck).
 10368 | D:11     | 10368 ||| Stepping randomly (stuck).
 10369 | D:11     | 10369 ||| Stepping randomly (stuck).
 10370 | D:11     | 10370 ||| Stepping randomly (stuck).
 10371 | D:11     | 10371 ||| Stepping randomly (stuck).
 10372 | D:11     | 10372 ||| Stepping randomly (stuck).
 10373 | D:11     | 10373 ||| Stepping randomly (stuck).
 10374 | D:11     | 10374 ||| Stepping randomly (stuck).
 10375 | D:11     | 10375 ||| Stepping randomly (stuck).
 10376 | D:11     | 10376 ||| Stepping randomly (stuck).
 10377 | D:11     | 10377 ||| Stepping randomly (stuck).
 10378 | D:11     | 10378 ||| Stepping randomly (stuck).
 10379 | D:11     | 10379 ||| Stepping randomly (stuck).
 10380 | D:11     | 10380 ||| Stepping randomly (stuck).
 10381 | D:11     | 10381 ||| Stepping randomly (stuck).
 10382 | D:11     | 10382 ||| Stepping randomly (stuck).
 10383 | D:11     | 10383 ||| Stepping randomly (stuck).
 10384 | D:11     | 10384 ||| Stepping randomly (stuck).
 10385 | D:11     | 10385 ||| Stepping randomly (stuck).
 10386 | D:11     | 10386 ||| Stepping randomly (stuck).
 10387 | D:11     | 10387 ||| Stepping randomly (stuck).
 10388 | D:11     | 10388 ||| Stepping randomly (stuck).
 10389 | D:11     | 10389 ||| Stepping randomly (stuck).
 10390 | D:11     | 10390 ||| Stepping randomly (stuck).
 10391 | D:11     | 10391 ||| Stepping randomly (stuck).
 10392 | D:11     | 10392 ||| Stepping randomly (stuck).
 10393 | D:11     | 10393 ||| Stepping randomly (stuck).
 10394 | D:11     | 10394 ||| Stepping randomly (stuck).
 10395 | D:11     | 10395 ||| Stepping randomly (stuck).
 10396 | D:11     | 10396 ||| Stepping randomly (stuck).
 10397 | D:11     | 10397 ||| Stepping randomly (stuck).
 10398 | D:11     | 10398 ||| Stepping randomly (stuck).
 10399 | D:11     | 10399 ||| Stepping randomly (stuck).
 10400 | D:11     | 10400 ||| Stepping randomly (stuck).
 10401 | D:11     | 10401 ||| Stepping randomly (stuck).
 10402 | D:11     | 10402 ||| Stepping randomly (stuck).
 10403 | D:11     | 10403 ||| Stepping randomly (stuck).
 10404 | D:11     | 10404 ||| Stepping randomly (stuck).
 10405 | D:11     | 10405 ||| Stepping randomly (stuck).
 10406 | D:11     | 10406 ||| Stepping randomly (stuck).
 10407 | D:11     | 10407 ||| Stepping randomly (stuck).
 10408 | D:11     | 10408 ||| Stepping randomly (stuck).
 10409 | D:11     | 10409 ||| Stepping randomly (stuck).
 10410 | D:11     | 10410 ||| Stepping randomly (stuck).
 10411 | D:11     | 10411 ||| Stepping randomly (stuck).
 10412 | D:11     | 10412 ||| Stepping randomly (stuck).
 10413 | D:11     | 10413 ||| Stepping randomly (stuck).
 10414 | D:11     | 10414 ||| Stepping randomly (stuck).
 10415 | D:11     | 10415 ||| Stepping randomly (stuck).
 10416 | D:11     | 10416 ||| Stepping randomly (stuck).
 10417 | D:11     | 10417 ||| Stepping randomly (stuck).
 10418 | D:11     | 10418 ||| Stepping randomly (stuck).
 10419 | D:11     | 10419 ||| Stepping randomly (stuck).
 10420 | D:11     | 10420 ||| Stepping randomly (stuck).
 10421 | D:11     | 10421 ||| Stepping randomly (stuck).
 10422 | D:11     | 10422 ||| Stepping randomly (stuck).
 10423 | D:11     | 10423 ||| Stepping randomly (stuck).
 10424 | D:11     | 10424 ||| Stepping randomly (stuck).
 10425 | D:11     | 10425 ||| Stepping randomly (stuck).
 10426 | D:11     | 10426 ||| Stepping randomly (stuck).
 10427 | D:11     | 10427 ||| Stepping randomly (stuck).
 10428 | D:11     | 10428 ||| Stepping randomly (stuck).
 10429 | D:11     | 10429 ||| Stepping randomly (stuck).
 10430 | D:11     | 10430 ||| Stepping randomly (stuck).
 10431 | D:11     | 10431 ||| Stepping randomly (stuck).
 10432 | D:11     | 10432 ||| Stepping randomly (stuck).
 10433 | D:11     | 10433 ||| Stepping randomly (stuck).
 10434 | D:11     | 10434 ||| Stepping randomly (stuck).
 10435 | D:11     | 10435 ||| Stepping randomly (stuck).
 10436 | D:11     | 10436 ||| Stepping randomly (stuck).
 10437 | D:11     | 10437 ||| Stepping randomly (stuck).
 10438 | D:11     | 10438 ||| Stepping randomly (stuck).
 10439 | D:11     | 10439 ||| Stepping randomly (stuck).
 10440 | D:11     | 10440 ||| Stepping randomly (stuck).
 10441 | D:11     | 10441 ||| Stepping randomly (stuck).
 10442 | D:11     | 10442 ||| Stepping randomly (stuck).
 10443 | D:11     | 10443 ||| Stepping randomly (stuck).
 10444 | D:11     | 10444 ||| Stepping randomly (stuck).
 10445 | D:11     | 10445 ||| Stepping randomly (stuck).
 10446 | D:11     | 10446 ||| Stepping randomly (stuck).
 10447 | D:11     | 10447 ||| Stepping randomly (stuck).
 10448 | D:11     | 10448 ||| Stepping randomly (stuck).
 10449 | D:11     | 10449 ||| Stepping randomly (stuck).
 10450 | D:11     | 10450 ||| Stepping randomly (stuck).
 10451 | D:11     | 10451 ||| Stepping randomly (stuck).
 10452 | D:11     | 10452 ||| Stepping randomly (stuck).
 10453 | D:11     | 10453 ||| Stepping randomly (stuck).
 10454 | D:11     | 10454 ||| Stepping randomly (stuck).
 10455 | D:11     | 10455 ||| Stepping randomly (stuck).
 10456 | D:11     | 10456 ||| Stepping randomly (stuck).
 10457 | D:11     | 10457 ||| Stepping randomly (stuck).
 10458 | D:11     | 10458 ||| Stepping randomly (stuck).
 10459 | D:11     | 10459 ||| Stepping randomly (stuck).
 10460 | D:11     | 10460 ||| Stepping randomly (stuck).
 10461 | D:11     | 10461 ||| Stepping randomly (stuck).
 10462 | D:11     | 10462 ||| Stepping randomly (stuck).
 10463 | D:11     | 10463 ||| Stepping randomly (stuck).
 10464 | D:11     | 10464 ||| Stepping randomly (stuck).
 10465 | D:11     | 10465 ||| Stepping randomly (stuck).
 10466 | D:11     | 10466 ||| Stepping randomly (stuck).
 10467 | D:11     | 10467 ||| Stepping randomly (stuck).
 10468 | D:11     | 10468 ||| Stepping randomly (stuck).
 10469 | D:11     | 10469 ||| Stepping randomly (stuck).
 10470 | D:11     | 10470 ||| Stepping randomly (stuck).
 10471 | D:11     | 10471 ||| Stepping randomly (stuck).
 10472 | D:11     | 10472 ||| Stepping randomly (stuck).
 10473 | D:11     | 10473 ||| Stepping randomly (stuck).
 10474 | D:11     | 10474 ||| Stepping randomly (stuck).
 10475 | D:11     | 10475 ||| Stepping randomly (stuck).
 10476 | D:11     | 10476 ||| Stepping randomly (stuck).
 10477 | D:11     | 10477 ||| Stepping randomly (stuck).
 10478 | D:11     | 10478 ||| Stepping randomly (stuck).
 10479 | D:11     | 10479 ||| Stepping randomly (stuck).
 10480 | D:11     | 10480 ||| Stepping randomly (stuck).
 10481 | D:11     | 10481 ||| Stepping randomly (stuck).
 10482 | D:11     | 10482 ||| Stepping randomly (stuck).
 10483 | D:11     | 10483 ||| Stepping randomly (stuck).
 10484 | D:11     | 10484 ||| Stepping randomly (stuck).
 10485 | D:11     | 10485 ||| Stepping randomly (stuck).
 10486 | D:11     | 10486 ||| Stepping randomly (stuck).
 10487 | D:11     | 10487 ||| Stepping randomly (stuck).
 10488 | D:11     | 10488 ||| Stepping randomly (stuck).
 10489 | D:11     | 10489 ||| Stepping randomly (stuck).
 10490 | D:11     | 10490 ||| Stepping randomly (stuck).
 10491 | D:11     | 10491 ||| Stepping randomly (stuck).
 10492 | D:11     | 10492 ||| Stepping randomly (stuck).
 10493 | D:11     | 10493 ||| Stepping randomly (stuck).
 10494 | D:11     | 10494 ||| Stepping randomly (stuck).
 10495 | D:11     | 10495 ||| Stepping randomly (stuck).
 10496 | D:11     | 10496 ||| Stepping randomly (stuck).
 10497 | D:11     | 10497 ||| Stepping randomly (stuck).
 10498 | D:11     | 10498 ||| Stepping randomly (stuck).
 10499 | D:11     | 10499 ||| Stepping randomly (stuck).
 10500 | D:11     | 10500 ||| Stepping randomly (stuck).
 10501 | D:11     | 10501 ||| Stepping randomly (stuck).
 10502 | D:11     | 10502 ||| Stepping randomly (stuck).
 10503 | D:11     | 10503 ||| Stepping randomly (stuck).
 10504 | D:11     | 10504 ||| Stepping randomly (stuck).
 10505 | D:11     | 10505 ||| Stepping randomly (stuck).
 10506 | D:11     | 10506 ||| Stepping randomly (stuck).
 10507 | D:11     | 10507 ||| Stepping randomly (stuck).
 10508 | D:11     | 10508 ||| Stepping randomly (stuck).
 10509 | D:11     | 10509 ||| Stepping randomly (stuck).
 10510 | D:11     | 10510 ||| Stepping randomly (stuck).
 10511 | D:11     | 10511 ||| Stepping randomly (stuck).
 10512 | D:11     | 10512 ||| Stepping randomly (stuck).
 10513 | D:11     | 10513 ||| Stepping randomly (stuck).
 10514 | D:11     | 10514 ||| Stepping randomly (stuck).
 10515 | D:11     | 10515 ||| Stepping randomly (stuck).
 10516 | D:11     | 10516 ||| Stepping randomly (stuck).
 10517 | D:11     | 10517 ||| Stepping randomly (stuck).
 10518 | D:11     | 10518 ||| Stepping randomly (stuck).
 10519 | D:11     | 10519 ||| Stepping randomly (stuck).
 10520 | D:11     | 10520 ||| Stepping randomly (stuck).
 10521 | D:11     | 10521 ||| Stepping randomly (stuck).
 10522 | D:11     | Quit the game

Levels and vault maps discovered:
D:1:      mushboom_english_gardens, layout_loops_ring, serial_co_window_serial,
          co_window_paths_b, co_window_paths_b, co_window_cross_1,
          co_window_corner_a, co_window_corner_a, co_window_cross_1,
          co_window_corner_a, co_window_of_opportunity_a, co_window_paths_b,
          co_window_2corner, co_window_of_opportunity_c,
          co_window_unsneaky_path_e, co_window_corner_b, co_window_corner_ca,
          co_window_paths_c, co_window_paths_e, glass_columns_a,
          glass_columns_a, glass_columns_a, glass_columns_a, st_stairs_1,
          minmay_box_of_dots
D:2:      minmay_kobold_bridge, layout_rooms, chequers_ecumenical_altar_simple,
          uniq_jessica
D:3:      layout_rooms, mainiacjoe_overflow_24_doors,
          biasface_ghost_orc_armoury, dk_vineyard_1, uniq_terence, uniq_robin
D:4:      layout_basic, minmay_misc_feat_rows, uniq_pikel
D:5:      corexii_shack_village, layout_basic, kennysheep_little_box,
          grunt_temple_overflow_open, okawaru_gym_becter, serial_shops,
          nicolae_shop_temple_entry_statues_fountains
D:6:      minmay_spotlight, layout_basic, minmay_temple_entry_statues_pillars,
          uniq_eustachio
D:7:      layout_loops_cross, riverfiend_overflow_shadow_ancestor,
          gammafunk_ghost_icy
D:8:      layout_rooms
D:9:      layout_loops_ring, serial_shops, nicolae_take_the_stairs,
          lightli_wizard_tower
D:10:     layout_loops_ring, lair_entry_dummy, gammafunk_ghost_abyssal_escape,
          uniq_joseph, uniq_erolcha
D:11:     layout_basic, kennysheep_orc_monster_closet_entryway
D:12:     layout_gridville, due_unseen_surprise

Skill      XL: |  1  2  3  4  5  6  7  8  9 10 11 |
---------------+----------------------------------+-----
Axes           | 4 5 8 10 12 13 | 13.3
Dodging        | 1 2 |  2.0
Armour         | 1 2 3 4 5 6 8 |  8.0
Fighting       | 5 7 8 9 |  9.1
Throwing       | 2 3 4 5 |  5.2
Spellcasting   | |  1.1
Fire Magic     | |  3.0

Action                   |  1- 3 |  4- 6 |  7- 9 | 10-12 || total
-------------------------+-------+-------+-------+-------++-------
Melee: Hand axe          |    89 |   100 |    13 |       ||   202
       Punch             |       |     1 |     1 |     3 ||     5
       War axe           |       |       |   208 |   220 ||   428
Throw: Boomerang         |       |     5 |    20 |     2 ||    27
       Javelin           |       |       |    22 |    47 ||    69
Invok: Fiery Armour      |     1 |     2 |     4 |     5 ||    12
  Use: Scroll            |     1 |     6 |     7 |     4 ||    18
       Potion            |       |     4 |     2 |     1 ||     7
Armor: Robe              |    18 |       |       |       ||    18
       Plate armour      |     7 |    76 |   157 |   113 ||   353
Dodge: Dodged            |    51 |    31 |    76 |    77 ||   235

Table legend:
 A = Non-vault XP
 B = Vault XP
 C = Vault XP percentage of total XP
 D = Non-vault monster count
 E = Vault monster count
 F = Vault count percentage of total count
                 A         B        C        D         E       F
            +---------+---------+-------+---------+---------+-------
      Total |   11872 |    2419 |  16.9 |     171 |      44 |  20.5
            +---------+---------+-------+---------+---------+-------
        D:1 |      81 |      13 |  13.8 |      25 |       7 |  21.9
        D:2 |      48 |      42 |  46.7 |      13 |       5 |  27.8
        D:3 |      12 |      71 |  85.5 |       6 |      12 |  66.7
        D:4 |     247 |     607 |  71.1 |      10 |       1 |   9.1
        D:5 |     546 |      19 |   3.4 |      19 |       9 |  32.1
        D:6 |     927 |     931 |  50.1 |      20 |       8 |  28.6
        D:7 |     544 |       0 |   0.0 |      10 |       0 |   0.0
        D:8 |     714 |       0 |   0.0 |      20 |       0 |   0.0
        D:9 |    4900 |     736 |  13.1 |      33 |       2 |   5.7
       D:10 |     214 |       0 |   0.0 |       1 |       0 |   0.0
       D:11 |    3639 |       0 |   0.0 |      14 |       0 |   0.0
            +---------+---------+-------+---------+---------+-------
